Workbook
Name numTradingDays: #REF!
Name ticker: #REF!

Sheet INFORMATION
B1: courtesy of eminiways.com
B3: INFORMATION TO BEGIN WITH…..
B5: THE PERCENTAGE PRICE OSCILLATOR (PPO) worksheets are labeled PPO(1), PPO(2), PPO(3), PPO(4).
B7: THE CONVENTIONAL PPO CALCULATION IS SHOWN IN WORKSHEET "PPO(2)" with the setting so 12 ema and 26 ema.
B8: ALL THE OTHER PPO Worksheets are calculated with different settings (for example: ("PPO(1)" is 24 bar e.m.a. and 52 bar e.m.a.) "PPO(3) uses the setting of 12 bar e.m.a.. And 17 bar e.m.a.). Etc etc.
B9: "PPO(4)" uses the settings of 5 bar e.m.a. and 32 bar e.m.a..
B11: YOU CAN CHANGE THE PPO Exponential Moving Average SETTINGS IN EACH WORKSHEET (USE THE YELLOW HIGHLIGHTED CELLS).
B13: MANY OTHER SETTINGS CAN BE ADJUSTED TO YOUR OWN NEEDS (SUCH AS "price per point" and "cost per trade" depending upon the number of contracts you want to trade and your Starting Capital (which can be adjusted also).
B15: ALL CALCULATIONS ARE FOR EDUCATIONAL PURPOSES ONLY AND CARRY NO IMPLIED ASSUMPTION OF GAIN NOR LOSS, NOR RISK NOR REWARD.
B17: ALL OPEN, HIGH, LOW, and CLOSE PRICES ARE ENTERED INTO 'DRIVERS SEAT' worksheet.
B19: That is where (ON THE 'DRIVERS SEAT' WORKSHEET) that you will enter your Open, High, Low, Close values if you wish to change (or continue) with the e-mini S&P prices as you desire.
B21: THE 'DRIVERS SEAT' WORKSHEEET ALSO CONTAINS SOME MOVING AVERAGE CALCULATIONS
... B28: You may also wish to calculate Maximum Favorable Excursion Exits also, or any other EXITS based upon any conditions that you desire.

Sheet DRIVERS SEAT
B1: 1 Point= | C1: 50 | D1: =C1/B12&" contract(s)" -> 1 contract(s) | F1: Bill
B2: Cost/ trade= | C2: 150 | D2: of | F2: Williams
B3: Margin Cost/contrct: | C3: =B$13 -> 10060 | D3: =B10 -> ES M23 | F3: Alligator | G3: LIPS | I3: TEETH | K3: JAW
A4: Please Enter the | B4: Min. Tick Size: | C4: =B$14 -> 0.25 | F4: 5 | G4: smoothed | H4: 8 | I4: smoothed | J4: 13 | K4: smoothed
A5: Appropriate values | B5: Max. Loss or DD: | C5: not using | G5: by 3 | I5: by 5 | K5: by 8
A6: in the bright yellow | B6: Calculated Margin: | C6: =B$13*B$11 -> 10060 | G6: (not offset) | I6: (not offset) | K6: (not offset)
A7: boxes: | B7: Min. Required $ : | C7: not using | D7: Min. Capital
A8: Starting Equity Amount--> | B8: 25000
A9: Name of Contract:-----> | B9: emini S&P | D9: All Yellow
A10: Symbol of Contract:-----> | B10: ES M23 | D10: Fields
A11: # of Contracts Trading:---> | B11: 1 | D11: Can be
A12: $ value/per Pt/ per Cntrct: | B12: 50 | D12: Adjusted
A13: Margin Amount/ 1 contract: | B13: 10060
A14: Miminum Tick Size:-----> | B14: 0.25
A15: Percent Volatility:------> | B15: not using
A16: Name of system:-----> | B16: PPO CROSSOVER
F17: Bill
F18: Williams
F19: Alligator | G19: LIPS | I19: TEETH | K19: JAW
F20: 5 | G20: smoothed | H20: 8 | I20: smoothed | J20: 13 | K20: smoothed | M20: simple
G21: by 3 | I21: by 5 | K21: by 8 | M21: moving
M22: average
M23: below
A28: PRICES ARE ENTERED BELOW, WITH NEWEST PRICES AT THE BOTTOM OF THE SHEET
A29: ALL PRICES ARE REFERRED TO THE DIFFERENT PPO WORKSHEETS FROM THIS ONE 'DRIVERS SEAT'..
A30: SO MAKE ALL PRICE ADDITIONS OR CHANGES HERE (BELOW) AND THEY WILL SHOW UP CORRECTLY
A31: IN THE OTHER WORKSHEETS>
M35: simple
M36: moving
A37: Date | B37: Open | C37: High | D37: Low | E37: Close | F37: (THIS IS MY VERSION OF THE BILL WILLIAMS OSCILLATOR) | M37: average
A38: 20221101 | B38: 3921.75 | C38: 3924.25 | D38: 3882.25 | E38: 3883.25 | F38: (Feel free to change it if you like.) | M38: below
B39: 3883.25 | C39: 3887 | D39: 3869.75 | E39: 3874.5
B40: 3874.25 | C40: 3874.25 | D40: 3855.5 | E40: 3865
B41: 3864.75 | C41: 3868.25 | D41: 3852.5 | E41: 3860.25
B42: 3860.25 | C42: 3880.25 | D42: 3858.5 | E42: 3865.25 | F42: Bill
B43: 3865.25 | C43: 3870 | D43: 3859.5 | E43: 3867.5 | F43: Williams | M43: 29
B44: 3867.5 | C44: 3874.5 | D44: 3862.75 | E44: 3866 | F44: Alligator | G44: LIPS | I44: TEETH | K44: JAW | M44: simple
B45: 3866.25 | C45: 3872.5 | D45: 3862.5 | E45: 3871.25 | F45: 5 | G45: smoothed | H45: 8 | I45: smoothed | J45: 13 | K45: smoothed | M45: moving
B46: 3871 | C46: 3871.75 | D46: 3865 | E46: 3866.5 | G46: by 3 | I46: by 5 | K46: by 8 | M46: average
B47: 3866.25 | C47: 3875.25 | D47: 3862.5 | E47: 3872.25 | F47: =AVERAGE(E43:E47) -> 3868.7 | H47: =AVERAGE(E40:E47) -> 3866.75 | J47: =AVERAGE(E35:E47) -> 3869.175 | M47: below
B48: 3872.25 | C48: 3875.25 | D48: 3866.25 | E48: 3870.25 | F48: =AVERAGE(E44:E48) -> 3869.25 | H48: =AVERAGE(E41:E48) -> 3867.4062 | J48: =AVERAGE(E36:E48) -> 3869.2727
B49: 3870.25 | C49: 3871.5 | D49: 3856 | E49: 3857.5 | F49: =AVERAGE(E45:E49) -> 3867.55 | G49: =AVERAGE(F47:F49) -> 3868.5 | H49: =AVERAGE(E42:E49) -> 3867.0625 | J49: =AVERAGE(E37:E49) -> 3868.2917
A50: 20221102 | B50: 3858.5 | C50: 3860.25 | D50: 3842.75 | E50: 3847.75 | F50: =AVERAGE(E46:E50) -> 3862.85 | G50: =AVERAGE(F48:F50) -> 3866.55 | H50: =AVERAGE(E43:E50) -> 3864.875 | J50: =AVERAGE(E38:E50) -> 3866.7115
B51: 3847.75 | C51: 3850 | D51: 3840.25 | E51: 3844 | F51: =AVERAGE(E47:E51) -> 3858.35 | G51: =AVERAGE(F49:F51) -> 3862.9167 | H51: =AVERAGE(E44:E51) -> 3861.9375 | I51: =AVERAGE(H47:H51) -> 3865.6062 | J51: =AVERAGE(E39:E51) -> 3863.6923 | M51: =AVERAGE(E23:E51) -> 3865.0893
B52: 3844.25 | C52: 3850.5 | D52: 3841.5 | E52: 3843.75 | F52: =AVERAGE(E48:E52) -> 3852.65 | G52: =AVERAGE(F50:F52) -> 3857.95 | H52: =AVERAGE(E45:E52) -> 3859.1562 | I52: =AVERAGE(H48:H52) -> 3864.0875 | J52: =AVERAGE(E40:E52) -> 3861.3269 | M52: =AVERAGE(E24:E52) -> 3863.6667
B53: 3843.75 | C53: 3850.5 | D53: 3841.75 | E53: 3849.5 | F53: =AVERAGE(E49:E53) -> 3848.5 | G53: =AVERAGE(F51:F53) -> 3853.1667 | H53: =AVERAGE(E46:E53) -> 3856.4375 | I53: =AVERAGE(H49:H53) -> 3861.8938 | J53: =AVERAGE(E41:E53) -> 3860.1346 | M53: =AVERAGE(E25:E53) -> 3862.7812
B54: 3849.5 | C54: 3850.25 | D54: 3837.25 | E54: 3838.25 | F54: =AVERAGE(E50:E54) -> 3844.65 | G54: =AVERAGE(F52:F54) -> 3848.6 | H54: =AVERAGE(E47:E54) -> 3852.9062 | I54: =AVERAGE(H50:H54) -> 3859.0625 | J54: =AVERAGE(E42:E54) -> 3858.4423 | K54: =AVERAGE(J47:J54) -> 3864.6309 | M54: =AVERAGE(E26:E54) -> 3861.3382
B55: 3838.5 | C55: 3846.25 | D55: 3833 | E55: 3844 | F55: =AVERAGE(E51:E55) -> 3843.9 | G55: =AVERAGE(F53:F55) -> 3845.6833 | H55: =AVERAGE(E48:E55) -> 3849.375 | I55: =AVERAGE(H51:H55) -> 3855.9625 | J55: =AVERAGE(E43:E55) -> 3856.8077 | K55: =AVERAGE(J48:J55) -> 3863.085 | M55: =AVERAGE(E27:E55) -> 3860.375
B56: 3844 | C56: 3844.25 | D56: 3839 | E56: 3841.75 | F56: =AVERAGE(E52:E56) -> 3843.45 | G56: =AVERAGE(F54:F56) -> 3844 | H56: =AVERAGE(E49:E56) -> 3845.8125 | I56: =AVERAGE(H52:H56) -> 3852.7375 | J56: =AVERAGE(E44:E56) -> 3854.8269 | K56: =AVERAGE(J49:J56) -> 3861.2792 | M56: =AVERAGE(E28:E56) -> 3859.3947
B57: 3841.75 | C57: 3899.5 | D57: 3839.5 | E57: 3889 | F57: =AVERAGE(E53:E57) -> 3852.5 | G57: =AVERAGE(F55:F57) -> 3846.6167 | H57: =AVERAGE(E50:E57) -> 3849.75 | I57: =AVERAGE(H53:H57) -> 3850.8562 | J57: =AVERAGE(E45:E57) -> 3856.5962 | K57: =AVERAGE(J50:J57) -> 3859.8173 | M57: =AVERAGE(E29:E57) -> 3860.875
B58: 3888.75 | C58: 3907 | D58: 3841 | E58: 3869 | F58: =AVERAGE(E54:E58) -> 3856.4 | G58: =AVERAGE(F56:F58) -> 3850.7833 | H58: =AVERAGE(E51:E58) -> 3852.4062 | I58: =AVERAGE(H54:H58) -> 3850.05 | J58: =AVERAGE(E46:E58) -> 3856.4231 | K58: =AVERAGE(J51:J58) -> 3858.5312 | M58: =AVERAGE(E30:E58) -> 3861.2619
B59: 3868.75 | C59: 3877 | D59: 3808.5 | E59: 3812.25 | F59: =AVERAGE(E55:E59) -> 3851.2 | G59: =AVERAGE(F57:F59) -> 3853.3667 | H59: =AVERAGE(E52:E59) -> 3848.4375 | I59: =AVERAGE(H55:H59) -> 3849.1562 | J59: =AVERAGE(E47:E59) -> 3852.25 | K59: =AVERAGE(J52:J59) -> 3857.101 | M59: =AVERAGE(E31:E59) -> 3859.0341
B60: 3812 | C60: 3812.25 | D60: 3767.25 | E60: 3771.25 | F60: =AVERAGE(E56:E60) -> 3836.65 | G60: =AVERAGE(F58:F60) -> 3848.0833 | H60: =AVERAGE(E53:E60) -> 3839.375 | I60: =AVERAGE(H56:H60) -> 3847.1562 | J60: =AVERAGE(E48:E60) -> 3844.4808 | K60: =AVERAGE(J53:J60) -> 3854.9952 | M60: =AVERAGE(E32:E60) -> 3855.2174
B61: 3771.25 | C61: 3776.75 | D61: 3760.25 | E61: 3764.5 | F61: =AVERAGE(E57:E61) -> 3821.2 | G61: =AVERAGE(F59:F61) -> 3836.35 | H61: =AVERAGE(E54:E61) -> 3828.75 | I61: =AVERAGE(H57:H61) -> 3843.7438 | J61: =AVERAGE(E49:E61) -> 3836.3462 | K61: =AVERAGE(J54:J61) -> 3852.0216 | M61: =AVERAGE(E33:E61) -> 3851.4375
A62: 20221103 | B62: 3732 | C62: 3739.5 | D62: 3704.25 | E62: 3722.5 | F62: =AVERAGE(E58:E62) -> 3787.9 | G62: =AVERAGE(F60:F62) -> 3815.25 | H62: =AVERAGE(E55:E62) -> 3814.2812 | I62: =AVERAGE(H58:H62) -> 3836.65 | J62: =AVERAGE(E50:E62) -> 3825.9615 | K62: =AVERAGE(J55:J62) -> 3847.9615 | M62: =AVERAGE(E34:E62) -> 3846.28
B63: 3722.75 | C63: 3745 | D63: 3715 | E63: 3734 | F63: =AVERAGE(E59:E63) -> 3760.9 | G63: =AVERAGE(F61:F63) -> 3790 | H63: =AVERAGE(E56:E63) -> 3800.5312 | I63: =AVERAGE(H59:H63) -> 3826.275 | J63: =AVERAGE(E51:E63) -> 3817.2115 | K63: =AVERAGE(J56:J63) -> 3843.012 | M63: =AVERAGE(E35:E63) -> 3841.9615
B64: 3734 | C64: 3753.75 | D64: 3732.5 | E64: 3738.25 | F64: =AVERAGE(E60:E64) -> 3746.1 | G64: =AVERAGE(F62:F64) -> 3764.9667 | H64: =AVERAGE(E57:E64) -> 3787.5938 | I64: =AVERAGE(H60:H64) -> 3814.1062 | J64: =AVERAGE(E52:E64) -> 3809.0769 | K64: =AVERAGE(J57:J64) -> 3837.2933 | M64: =AVERAGE(E36:E64) -> 3838.1204
B65: 3738.25 | C65: 3744.25 | D65: 3726.75 | E65: 3737.25 | F65: =AVERAGE(E61:E65) -> 3739.3 | G65: =AVERAGE(F63:F65) -> 3748.7667 | H65: =AVERAGE(E58:E65) -> 3768.625 | I65: =AVERAGE(H61:H65) -> 3799.9563 | J65: =AVERAGE(E53:E65) -> 3800.8846 | K65: =AVERAGE(J58:J65) -> 3830.3293 | M65: =AVERAGE(E37:E65) -> 3834.5179
B66: 3737.25 | C66: 3752.25 | D66: 3730.25 | E66: 3746 | F66: =AVERAGE(E62:E66) -> 3735.6 | G66: =AVERAGE(F64:F66) -> 3740.3333 | H66: =AVERAGE(E59:E66) -> 3753.25 | I66: =AVERAGE(H62:H66) -> 3784.8562 | J66: =AVERAGE(E54:E66) -> 3792.9231 | K66: =AVERAGE(J59:J66) -> 3822.3918 | M66: =AVERAGE(E38:E66) -> 3831.4655
B67: 3746 | C67: 3758.5 | D67: 3739.75 | E67: 3755 | F67: =AVERAGE(E63:E67) -> 3742.1 | G67: =AVERAGE(F65:F67) -> 3739 | H67: =AVERAGE(E60:E67) -> 3746.0938 | I67: =AVERAGE(H63:H67) -> 3771.2188 | J67: =AVERAGE(E55:E67) -> 3786.5192 | K67: =AVERAGE(J60:J67) -> 3814.1755 | M67: =AVERAGE(E39:E67) -> 3827.0431
B68: 3755 | C68: 3757 | D68: 3742.75 | E68: 3744.25 | F68: =AVERAGE(E64:E68) -> 3744.15 | G68: =AVERAGE(F66:F68) -> 3740.6167 | H68: =AVERAGE(E61:E68) -> 3742.7188 | I68: =AVERAGE(H64:H68) -> 3759.6562 | J68: =AVERAGE(E56:E68) -> 3778.8462 | K68: =AVERAGE(J61:J68) -> 3805.9712 | M68: =AVERAGE(E40:E68) -> 3822.5517
B69: 3744.25 | C69: 3748 | D69: 3736.25 | E69: 3738.75 | F69: =AVERAGE(E65:E69) -> 3744.25 | G69: =AVERAGE(F67:F69) -> 3743.5 | H69: =AVERAGE(E62:E69) -> 3739.5 | I69: =AVERAGE(H65:H69) -> 3750.0375 | J69: =AVERAGE(E57:E69) -> 3770.9231 | K69: =AVERAGE(J62:J69) -> 3797.7933 | M69: =AVERAGE(E41:E69) -> 3818.1983
B70: 3738.75 | C70: 3753.25 | D70: 3735 | E70: 3743.25 | F70: =AVERAGE(E66:E70) -> 3745.45 | G70: =AVERAGE(F68:F70) -> 3744.6167 | H70: =AVERAGE(E63:E70) -> 3742.0938 | I70: =AVERAGE(H66:H70) -> 3744.7312 | J70: =AVERAGE(E58:E70) -> 3759.7115 | K70: =AVERAGE(J63:J70) -> 3789.512 | M70: =AVERAGE(E42:E70) -> 3814.1638
B71: 3743.25 | C71: 3752.75 | D71: 3742.75 | E71: 3745.25 | F71: =AVERAGE(E67:E71) -> 3745.3 | G71: =AVERAGE(F69:F71) -> 3745 | H71: =AVERAGE(E64:E71) -> 3743.5 | I71: =AVERAGE(H67:H71) -> 3742.7812 | J71: =AVERAGE(E59:E71) -> 3750.1923 | K71: =AVERAGE(J64:J71) -> 3781.1346 | M71: =AVERAGE(E43:E71) -> 3810.0259
B72: 3745.5 | C72: 3752 | D72: 3729 | E72: 3731 | F72: =AVERAGE(E68:E72) -> 3740.5 | G72: =AVERAGE(F70:F72) -> 3743.75 | H72: =AVERAGE(E65:E72) -> 3742.5938 | I72: =AVERAGE(H68:H72) -> 3742.0813 | J72: =AVERAGE(E60:E72) -> 3743.9423 | K72: =AVERAGE(J65:J72) -> 3772.9928 | M72: =AVERAGE(E44:E72) -> 3805.319
B73: 3730.75 | C73: 3731.5 | D73: 3725.5 | E73: 3731.25 | F73: =AVERAGE(E69:E73) -> 3737.9 | G73: =AVERAGE(F71:F73) -> 3741.2333 | H73: =AVERAGE(E66:E73) -> 3741.8438 | I73: =AVERAGE(H69:H73) -> 3741.9062 | J73: =AVERAGE(E61:E73) -> 3740.8654 | K73: =AVERAGE(J66:J73) -> 3765.4904 | M73: =AVERAGE(E45:E73) -> 3800.6724
A74: 20221104 | B74: 3786.25 | C74: 3790 | D74: 3738.25 | E74: 3767.75 | F74: =AVERAGE(E70:E74) -> 3743.7 | G74: =AVERAGE(F72:F74) -> 3740.7 | H74: =AVERAGE(E67:E74) -> 3744.5625 | I74: =AVERAGE(H70:H74) -> 3742.9187 | J74: =AVERAGE(E62:E74) -> 3741.1154 | K74: =AVERAGE(J67:J74) -> 3759.0144 | M74: =AVERAGE(E46:E74) -> 3797.1034
B75: 3767.75 | C75: 3799 | D75: 3763.25 | E75: 3793.5 | F75: =AVERAGE(E71:E75) -> 3753.75 | G75: =AVERAGE(F73:F75) -> 3745.1167 | H75: =AVERAGE(E68:E75) -> 3749.375 | I75: =AVERAGE(H71:H75) -> 3744.375 | J75: =AVERAGE(E63:E75) -> 3746.5769 | K75: =AVERAGE(J68:J75) -> 3754.0216 | M75: =AVERAGE(E47:E75) -> 3794.5862
B76: 3793.75 | C76: 3805.5 | D76: 3772.75 | E76: 3775.5 | F76: =AVERAGE(E72:E76) -> 3759.8 | G76: =AVERAGE(F74:F76) -> 3752.4167 | H76: =AVERAGE(E69:E76) -> 3753.2812 | I76: =AVERAGE(H72:H76) -> 3746.3313 | J76: =AVERAGE(E64:E76) -> 3749.7692 | K76: =AVERAGE(J69:J76) -> 3750.387 | M76: =AVERAGE(E48:E76) -> 3791.25
B77: 3775.5 | C77: 3779.25 | D77: 3739.75 | E77: 3740 | F77: =AVERAGE(E73:E77) -> 3761.6 | G77: =AVERAGE(F75:F77) -> 3758.3833 | H77: =AVERAGE(E70:E77) -> 3753.4375 | I77: =AVERAGE(H73:H77) -> 3748.5 | J77: =AVERAGE(E65:E77) -> 3749.9038 | K77: =AVERAGE(J70:J77) -> 3747.7596 | M77: =AVERAGE(E49:E77) -> 3786.7586
B78: 3739.75 | C78: 3745.25 | D78: 3716.5 | E78: 3735.75 | F78: =AVERAGE(E74:E78) -> 3762.5 | G78: =AVERAGE(F76:F78) -> 3761.3 | H78: =AVERAGE(E71:E78) -> 3752.5 | I78: =AVERAGE(H74:H78) -> 3750.6312 | J78: =AVERAGE(E66:E78) -> 3749.7885 | K78: =AVERAGE(J71:J78) -> 3746.5192 | M78: =AVERAGE(E50:E78) -> 3782.5603
B79: 3736 | C79: 3746 | D79: 3722.5 | E79: 3728.5 | F79: =AVERAGE(E75:E79) -> 3754.65 | G79: =AVERAGE(F77:F79) -> 3759.5833 | H79: =AVERAGE(E72:E79) -> 3750.4062 | I79: =AVERAGE(H75:H79) -> 3751.8 | J79: =AVERAGE(E67:E79) -> 3748.4423 | K79: =AVERAGE(J72:J79) -> 3746.3005 | M79: =AVERAGE(E51:E79) -> 3778.4483
B80: 3728.75 | C80: 3736.75 | D80: 3717 | E80: 3724.25 | F80: =AVERAGE(E76:E80) -> 3740.8 | G80: =AVERAGE(F78:F80) -> 3752.65 | H80: =AVERAGE(E73:E80) -> 3749.5625 | I80: =AVERAGE(H76:H80) -> 3751.8375 | J80: =AVERAGE(E68:E80) -> 3746.0769 | K80: =AVERAGE(J73:J80) -> 3746.5673 | M80: =AVERAGE(E52:E80) -> 3774.319
B81: 3724.25 | C81: 3731 | D81: 3715.25 | E81: 3718.75 | F81: =AVERAGE(E77:E81) -> 3729.45 | G81: =AVERAGE(F79:F81) -> 3741.6333 | H81: =AVERAGE(E74:E81) -> 3748 | I81: =AVERAGE(H77:H81) -> 3750.7812 | J81: =AVERAGE(E69:E81) -> 3744.1154 | K81: =AVERAGE(J74:J81) -> 3746.9736 | M81: =AVERAGE(E53:E81) -> 3770.0086
B82: 3718.5 | C82: 3754.25 | D82: 3717.5 | E82: 3753 | F82: =AVERAGE(E78:E82) -> 3732.05 | G82: =AVERAGE(F80:F82) -> 3734.1 | H82: =AVERAGE(E75:E82) -> 3746.1562 | I82: =AVERAGE(H78:H82) -> 3749.325 | J82: =AVERAGE(E70:E82) -> 3745.2115 | K82: =AVERAGE(J75:J82) -> 3747.4856 | M82: =AVERAGE(E54:E82) -> 3766.681
B83: 3753 | C83: 3768.75 | D83: 3745.75 | E83: 3763.75 | F83: =AVERAGE(E79:E83) -> 3737.65 | G83: =AVERAGE(F81:F83) -> 3733.05 | H83: =AVERAGE(E76:E83) -> 3742.4375 | I83: =AVERAGE(H79:H83) -> 3747.3125 | J83: =AVERAGE(E71:E83) -> 3746.7885 | K83: =AVERAGE(J76:J83) -> 3747.512 | M83: =AVERAGE(E55:E83) -> 3764.1121
B84: 3763.25 | C84: 3780.75 | D84: 3755.75 | E84: 3770.25 | F84: =AVERAGE(E80:E84) -> 3746 | G84: =AVERAGE(F82:F84) -> 3738.5667 | H84: =AVERAGE(E77:E84) -> 3741.7812 | I84: =AVERAGE(H80:H84) -> 3745.5875 | J84: =AVERAGE(E72:E84) -> 3748.7115 | K84: =AVERAGE(J77:J84) -> 3747.3798 | M84: =AVERAGE(E56:E84) -> 3761.569
B85: 3770.25 | C85: 3785.25 | D85: 3770.25 | E85: 3774.75 | F85: =AVERAGE(E81:E85) -> 3756.1 | G85: =AVERAGE(F83:F85) -> 3746.5833 | H85: =AVERAGE(E78:E85) -> 3746.125 | I85: =AVERAGE(H81:H85) -> 3744.9 | J85: =AVERAGE(E73:E85) -> 3752.0769 | K85: =AVERAGE(J78:J85) -> 3747.6514 | M85: =AVERAGE(E57:E85) -> 3759.2586
A86: 20221107 | B86: 3793 | C86: 3799.5 | D86: 3771.25 | E86: 3788 | F86: =AVERAGE(E82:E86) -> 3769.95 | G86: =AVERAGE(F84:F86) -> 3757.35 | H86: =AVERAGE(E79:E86) -> 3752.6562 | I86: =AVERAGE(H82:H86) -> 3745.8313 | J86: =AVERAGE(E74:E86) -> 3756.4423 | K86: =AVERAGE(J79:J86) -> 3748.4832 | M86: =AVERAGE(E58:E86) -> 3755.7759
B87: 3787.75 | C87: 3800 | D87: 3778.25 | E87: 3781 | F87: =AVERAGE(E83:E87) -> 3775.55 | G87: =AVERAGE(F85:F87) -> 3767.2 | H87: =AVERAGE(E80:E87) -> 3759.2188 | I87: =AVERAGE(H83:H87) -> 3748.4437 | J87: =AVERAGE(E75:E87) -> 3757.4615 | K87: =AVERAGE(J80:J87) -> 3749.6106 | M87: =AVERAGE(E59:E87) -> 3752.7414
B88: 3780.75 | C88: 3795 | D88: 3779.5 | E88: 3785.75 | F88: =AVERAGE(E84:E88) -> 3779.95 | G88: =AVERAGE(F86:F88) -> 3775.15 | H88: =AVERAGE(E81:E88) -> 3766.9062 | I88: =AVERAGE(H84:H88) -> 3753.3375 | J88: =AVERAGE(E76:E88) -> 3756.8654 | K88: =AVERAGE(J81:J88) -> 3750.9591 | M88: =AVERAGE(E60:E88) -> 3751.8276
B89: 3786 | C89: 3797.75 | D89: 3778 | E89: 3782.75 | F89: =AVERAGE(E85:E89) -> 3782.45 | G89: =AVERAGE(F87:F89) -> 3779.3167 | H89: =AVERAGE(E82:E89) -> 3774.9062 | I89: =AVERAGE(H85:H89) -> 3759.9625 | J89: =AVERAGE(E77:E89) -> 3757.4231 | K89: =AVERAGE(J82:J89) -> 3752.6226 | M89: =AVERAGE(E61:E89) -> 3752.2241
B90: 3783 | C90: 3788.5 | D90: 3773.75 | E90: 3788.25 | F90: =AVERAGE(E86:E90) -> 3785.15 | G90: =AVERAGE(F88:F90) -> 3782.5167 | H90: =AVERAGE(E83:E90) -> 3779.3125 | I90: =AVERAGE(H86:H90) -> 3766.6 | J90: =AVERAGE(E78:E90) -> 3761.1346 | K90: =AVERAGE(J83:J90) -> 3754.613 | M90: =AVERAGE(E62:E90) -> 3753.0431
B91: 3788.25 | C91: 3789.75 | D91: 3781.5 | E91: 3786.25 | F91: =AVERAGE(E87:E91) -> 3784.8 | G91: =AVERAGE(F89:F91) -> 3784.1333 | H91: =AVERAGE(E84:E91) -> 3782.125 | I91: =AVERAGE(H87:H91) -> 3772.4938 | J91: =AVERAGE(E79:E91) -> 3765.0192 | K91: =AVERAGE(J84:J91) -> 3756.8918 | M91: =AVERAGE(E63:E91) -> 3755.2414
B92: 3786.25 | C92: 3796.25 | D92: 3785.75 | E92: 3790.25 | F92: =AVERAGE(E88:E92) -> 3786.65 | G92: =AVERAGE(F90:F92) -> 3785.5333 | H92: =AVERAGE(E85:E92) -> 3784.625 | I92: =AVERAGE(H88:H92) -> 3777.575 | J92: =AVERAGE(E80:E92) -> 3769.7692 | K92: =AVERAGE(J85:J92) -> 3759.524 | M92: =AVERAGE(E64:E92) -> 3757.181
B93: 3790 | C93: 3799.75 | D93: 3787.5 | E93: 3799.25 | F93: =AVERAGE(E89:E93) -> 3789.35 | G93: =AVERAGE(F91:F93) -> 3786.9333 | H93: =AVERAGE(E86:E93) -> 3787.6875 | I93: =AVERAGE(H89:H93) -> 3781.7312 | J93: =AVERAGE(E81:E93) -> 3775.5385 | K93: =AVERAGE(J86:J93) -> 3762.4567 | M93: =AVERAGE(E65:E93) -> 3759.2845
B94: 3799.25 | C94: 3816.25 | D94: 3798.25 | E94: 3814 | F94: =AVERAGE(E90:E94) -> 3795.6 | G94: =AVERAGE(F92:F94) -> 3790.5333 | H94: =AVERAGE(E87:E94) -> 3790.9375 | I94: =AVERAGE(H90:H94) -> 3784.9375 | J94: =AVERAGE(E82:E94) -> 3782.8654 | K94: =AVERAGE(J87:J94) -> 3765.7596 | M94: =AVERAGE(E66:E94) -> 3761.931
B95: 3814.25 | C95: 3819.5 | D95: 3808.25 | E95: 3818.75 | F95: =AVERAGE(E91:E95) -> 3801.7 | G95: =AVERAGE(F93:F95) -> 3795.55 | H95: =AVERAGE(E88:E95) -> 3795.6562 | I95: =AVERAGE(H91:H95) -> 3788.2063 | J95: =AVERAGE(E83:E95) -> 3787.9231 | K95: =AVERAGE(J88:J95) -> 3769.5673 | M95: =AVERAGE(E67:E95) -> 3764.4397
B96: 3818.75 | C96: 3821.75 | D96: 3813.75 | E96: 3815 | F96: =AVERAGE(E92:E96) -> 3807.45 | G96: =AVERAGE(F94:F96) -> 3801.5833 | H96: =AVERAGE(E89:E96) -> 3799.3125 | I96: =AVERAGE(H92:H96) -> 3791.6438 | J96: =AVERAGE(E84:E96) -> 3791.8654 | K96: =AVERAGE(J89:J96) -> 3773.9423 | M96: =AVERAGE(E68:E96) -> 3766.5086
B97: 3814.75 | C97: 3816.75 | D97: 3809.5 | E97: 3814.75 | F97: =AVERAGE(E93:E97) -> 3812.35 | G97: =AVERAGE(F95:F97) -> 3807.1667 | H97: =AVERAGE(E90:E97) -> 3803.3125 | I97: =AVERAGE(H93:H97) -> 3795.3812 | J97: =AVERAGE(E85:E97) -> 3795.2885 | K97: =AVERAGE(J90:J97) -> 3778.6755 | M97: =AVERAGE(E69:E97) -> 3768.9397
A98: 20221108 | B98: 3826.75 | C98: 3828.25 | D98: 3810.75 | E98: 3820 | F98: =AVERAGE(E94:E98) -> 3816.5 | G98: =AVERAGE(F96:F98) -> 3812.1 | H98: =AVERAGE(E91:E98) -> 3807.2812 | I98: =AVERAGE(H94:H98) -> 3799.3 | J98: =AVERAGE(E86:E98) -> 3798.7692 | K98: =AVERAGE(J91:J98) -> 3783.3798 | M98: =AVERAGE(E70:E98) -> 3771.7414
B99: 3820 | C99: 3844 | D99: 3819.5 | E99: 3841.5 | F99: =AVERAGE(E95:E99) -> 3822 | G99: =AVERAGE(F97:F99) -> 3816.95 | H99: =AVERAGE(E92:E99) -> 3814.1875 | I99: =AVERAGE(H95:H99) -> 3803.95 | J99: =AVERAGE(E87:E99) -> 3802.8846 | K99: =AVERAGE(J92:J99) -> 3788.113 | M99: =AVERAGE(E71:E99) -> 3775.1293
B100: 3841.75 | C100: 3852.25 | D100: 3840.75 | E100: 3851.25 | F100: =AVERAGE(E96:E100) -> 3828.5 | G100: =AVERAGE(F98:F100) -> 3822.3333 | H100: =AVERAGE(E93:E100) -> 3821.8125 | I100: =AVERAGE(H96:H100) -> 3809.1813 | J100: =AVERAGE(E88:E100) -> 3808.2885 | K100: =AVERAGE(J93:J100) -> 3792.9279 | M100: =AVERAGE(E72:E100) -> 3778.7845
B101: 3851.5 | C101: 3867 | D101: 3850.5 | E101: 3859.25 | F101: =AVERAGE(E97:E101) -> 3837.35 | G101: =AVERAGE(F99:F101) -> 3829.2833 | H101: =AVERAGE(E94:E101) -> 3829.3125 | I101: =AVERAGE(H97:H101) -> 3815.1813 | J101: =AVERAGE(E89:E101) -> 3813.9423 | K101: =AVERAGE(J94:J101) -> 3797.7284 | M101: =AVERAGE(E73:E101) -> 3783.2069
B102: 3859.25 | C102: 3863.75 | D102: 3855.25 | E102: 3858.75 | F102: =AVERAGE(E98:E102) -> 3846.15 | G102: =AVERAGE(F100:F102) -> 3837.3333 | H102: =AVERAGE(E95:E102) -> 3834.9062 | I102: =AVERAGE(H98:H102) -> 3821.5 | J102: =AVERAGE(E90:E102) -> 3819.7885 | K102: =AVERAGE(J95:J102) -> 3802.3438 | M102: =AVERAGE(E74:E102) -> 3787.6034
B103: 3858.75 | C103: 3863.75 | D103: 3855.5 | E103: 3860.5 | F103: =AVERAGE(E99:E103) -> 3854.25 | G103: =AVERAGE(F101:F103) -> 3845.9167 | H103: =AVERAGE(E96:E103) -> 3840.125 | I103: =AVERAGE(H99:H103) -> 3828.0687 | J103: =AVERAGE(E91:E103) -> 3825.3462 | K103: =AVERAGE(J96:J103) -> 3807.0216 | M103: =AVERAGE(E75:E103) -> 3790.8017
B104: 3860.75 | C104: 3866 | D104: 3824.75 | E104: 3833.25 | F104: =AVERAGE(E100:E104) -> 3852.6 | G104: =AVERAGE(F102:F104) -> 3851 | H104: =AVERAGE(E97:E104) -> 3842.4062 | I104: =AVERAGE(H100:H104) -> 3833.7125 | J104: =AVERAGE(E92:E104) -> 3828.9615 | K104: =AVERAGE(J97:J104) -> 3811.6587 | M104: =AVERAGE(E76:E104) -> 3792.1724
B105: 3833.5 | C105: 3841.25 | D105: 3816.75 | E105: 3817.5 | F105: =AVERAGE(E101:E105) -> 3845.85 | G105: =AVERAGE(F103:F105) -> 3850.9 | H105: =AVERAGE(E98:E105) -> 3842.75 | I105: =AVERAGE(H101:H105) -> 3837.9 | J105: =AVERAGE(E93:E105) -> 3831.0577 | K105: =AVERAGE(J98:J105) -> 3816.1298 | M105: =AVERAGE(E77:E105) -> 3793.6207
B106: 3817.25 | C106: 3824.75 | D106: 3792.75 | E106: 3820.5 | F106: =AVERAGE(E102:E106) -> 3838.1 | G106: =AVERAGE(F104:F106) -> 3845.5167 | H106: =AVERAGE(E99:E106) -> 3842.8125 | I106: =AVERAGE(H102:H106) -> 3840.6 | J106: =AVERAGE(E94:E106) -> 3832.6923 | K106: =AVERAGE(J99:J106) -> 3820.3702 | M106: =AVERAGE(E78:E106) -> 3796.3966
B107: 3820.5 | C107: 3837.5 | D107: 3817.75 | E107: 3836.75 | F107: =AVERAGE(E103:E107) -> 3833.7 | G107: =AVERAGE(F105:F107) -> 3839.2167 | H107: =AVERAGE(E100:E107) -> 3842.2188 | I107: =AVERAGE(H103:H107) -> 3842.0625 | J107: =AVERAGE(E95:E107) -> 3834.4423 | K107: =AVERAGE(J100:J107) -> 3824.3149 | M107: =AVERAGE(E79:E107) -> 3799.8793
...

Sheet PPO (1)
S1: Gross Profit:
P2: Average Trade: | R2: >1.20 is good. | S2: =SUMIF(S38:S15039,">0")*'DRIVERS SEAT'!$C$1 -> 60012.5
P3: =S34/S29 -> 69.772727 | R3: sunny harris per-
P4: # Trds to match Start Capital: | R4: formance ratio: | S4: Gross Loss:
P5: =$M$12/P3 -> 358.30619 | R5: =S13*S23 -> 0.9123185 | S5: =SUMIF(S38:S15039,"<0")*'DRIVERS SEAT'!$C$1 -> -47925
S6: =S2-ABS(S5) -> 12087.5
S7: Reward/Risk Ratio:
Q8: Edward Thorp & | S8: =S34/S10 -> #NUM!
Q9: Bennett A. McDowell & | S9: MAX DD:
M10: Starting | Q10: Nauzer J. Balsara and | S10: =LARGE(AB38:AB15039,1) -> #NUM!
M11: Equity | Q11: Larry Williams method | R11: my standard method: | S11: Payoff Ratio
M12: 25000 | N12: <--this is adjustable | Q12: of calculating kelly ratio: | R12: kelly ratio: | S12: times PF:
Q13: =(((S15+1)*S23)-1)/S15 -> 0.084228664 | R13: =((S23*S15)-(1-S23))/S15 -> 0.084228664 | S13: =S15*S17 -> 2.1816312
O14: Ed thorp's optimal f | Q14: Full value of Kelly %--> | R14: =$M$12*$R$13 -> 2105.7166 | S14: Payoff(W/L) Ratio:
O15: (((W/L) + 1) *Win% - 1)/(W/L) | Q15: 1/2 of Kelly %---> | R15: =R14/2 -> 1052.8583 | S15: =S21/ABS(S19) -> 1.742215
O16: =(((S15)+1)*S23-1)/(S15) -> 0.084228664 | Q16: 1/4 of Kelly %---> | R16: =R14/4 -> 526.42915 | S16: Profit Factor:
S17: =SUMIF(S38:S15039,">0")/ABS(SUMIF(S38:S15039,"<=0")) -> 1.252217
S18: Average Loss:
L19: using APPT | O19: APPT= | P19: =(S23*S21)-((1-S23)*ABS(S19)) -> 219.77273 | S19: =(SUMIF(S38:S15039,"<0")/S27)*'DRIVERS SEAT'!$C$1 -> -1497.6562
L20: Time to earn (amount) | M20: 4000 | N20: <--this is adjustable | O20: Avg Profitability Per Trade = (Win%* Avg Win) - (Loss% * ABS(Avg Loss)) | S20: Average Win:
L21: ="# trades to earn "&M20 -> # trades to earn 4000 | M21: =ROUNDUP(M20/P19,0) -> 19 | O21: Three Methods of Calculating Expectancy (in green below) | S21: =(SUMIF(S38:S15039,">0")/S25)*'DRIVERS SEAT'!$C$1 -> 2609.2391
O22: =ABS(S21/S19) -> 1.742215 | P22: Reward/risk | S22: Win Percent:
O23: =S23 -> 0.41818182 | P23: win ratio | S23: =S25/S29 -> 0.41818182
O24: =1-S23 -> 0.58181818 | P24: loss ratio | S24: #Winning Trds:
M25: EXPECTANCY----> | O25: =(O22*O23)-O24 -> 0.14674444 | P25: <--expectancy | S25: =COUNTIF(S38:S15039,">0") -> 23
M26: EXPECTANCY----> | O26: =((S21*S23)+(S19*(1-S23)))/ABS(S19) -> 0.14674444 | P26: <--expectancy | S26: # Losing Trds:
M27: EXPECTANCY-----> | O27: =(1+(S21/ABS(S19)))*S23-1 -> 0.14674444 | P27: <--another formula for expectancy | S27: =COUNTIF(S38:S15039,"<=0") -> 32
S28: Total # of Trds: | U28: RED DOTS = go short
L29: See the following web site for more information….. | S29: =COUNT(S38:S15039) -> 55 | U29: GREEN DOTS=go long
L30: What is Percentage Price Oscillator? (PPO)?
L31: https://www.investopedia.com/terms/p/ppo.asp | T31: Actual
G32: adjustable | S32: Total P/L: | T32: Consecutive
F33: adjustable | H33: PPO based | S33: =SUM(S38:S15039) -> 241.75 | T33: Losses:
H34: MACD | I34: Percentage | K34: Zero | S34: =(S$33*'DRIVERS SEAT'!$C$1)-(S$29*'DRIVERS SEAT'!$C$2) -> 3837.5 | T34: =MAX(T38:T15038,1) -> 10
F35: 24 | G35: 52 | H35: (col F-bar e.m.a. | I35: Price | J35: 9 | K35: Line
F36: Bar | G36: Bar | H36: minus col G bar | I36: Oscillator | J36: period | K36: For | T36: Consecutive
A37: Date | B37: Open | C37: High | D37: Low | E37: Close | F37: e.m.a. | G37: e.m.a. | H37: ema) | I37: PPO | J37: s.m.a. | K37: Chart | T37: Losses:
A38: ='DRIVERS SEAT'!A38 -> 20221101 | B38: ='DRIVERS SEAT'!B38 -> 3921.75 | C38: ='DRIVERS SEAT'!C38 -> 3924.25 | D38: ='DRIVERS SEAT'!D38 -> 3882.25 | E38: ='DRIVERS SEAT'!E38 -> 3883.25 | F38: =E38 -> 3883.25 | G38: =E38 -> 3883.25 | H38: =F38-G38 -> 0 | I38: =(F38-G38)/G38*100 -> 0 | K38: 0 | P38: Crossover | Q38: Crossover | R38: ENTRY | T38: 0
A39: ='DRIVERS SEAT'!A39 -> 0 | B39: ='DRIVERS SEAT'!B39 -> 3883.25 | C39: ='DRIVERS SEAT'!C39 -> 3887 | D39: ='DRIVERS SEAT'!D39 -> 3869.75 | E39: ='DRIVERS SEAT'!E39 -> 3874.5 | F39: =(2/(F$35+1))*(E39-F38)+F38 -> 3882.55 | G39: =(2/(G$35+1))*(E39-G38)+G38 -> 3882.9198 | H39: =F39-G39 -> -0.36981132 | I39: =(F39-G39)/G39*100 -> -0.0095240525 | J39: s.m.a. | K39: 0 | P39: Short | Q39: Long | R39: SIGNAL | T39: =IF(AND(ISNUMBER(S39),S39>0),0,IF(S39<0,1+T38,T38)) -> 0
A40: ='DRIVERS SEAT'!A40 -> 0 | B40: ='DRIVERS SEAT'!B40 -> 3874.25 | C40: ='DRIVERS SEAT'!C40 -> 3874.25 | D40: ='DRIVERS SEAT'!D40 -> 3855.5 | E40: ='DRIVERS SEAT'!E40 -> 3865 | F40: =(2/(F$35+1))*(E40-F39)+F39 -> 3881.146 | G40: =(2/(G$35+1))*(E40-G39)+G39 -> 3882.2436 | H40: =F40-G40 -> -1.097592 | I40: =(F40-G40)/G40*100 -> -0.028272106 | J40: for | K40: 0 | R40: long and | T40: =IF(AND(ISNUMBER(S40),S40>0),0,IF(S40<0,1+T39,T39)) -> 0
A41: ='DRIVERS SEAT'!A41 -> 0 | B41: ='DRIVERS SEAT'!B41 -> 3864.75 | C41: ='DRIVERS SEAT'!C41 -> 3868.25 | D41: ='DRIVERS SEAT'!D41 -> 3852.5 | E41: ='DRIVERS SEAT'!E41 -> 3860.25 | F41: =(2/(F$35+1))*(E41-F40)+F40 -> 3879.4743 | G41: =(2/(G$35+1))*(E41-G40)+G40 -> 3881.4136 | H41: =F41-G41 -> -1.9393252 | I41: =(F41-G41)/G41*100 -> -0.049964403 | J41: Signal | K41: 0 | R41: short | T41: =IF(AND(ISNUMBER(S41),S41>0),0,IF(S41<0,1+T40,T40)) -> 0
A42: ='DRIVERS SEAT'!A42 -> 0 | B42: ='DRIVERS SEAT'!B42 -> 3860.25 | C42: ='DRIVERS SEAT'!C42 -> 3880.25 | D42: ='DRIVERS SEAT'!D42 -> 3858.5 | E42: ='DRIVERS SEAT'!E42 -> 3865.25 | F42: =(2/(F$35+1))*(E42-F41)+F41 -> 3878.3364 | G42: =(2/(G$35+1))*(E42-G41)+G41 -> 3880.8037 | H42: =F42-G42 -> -2.4673219 | I42: =(F42-G42)/G42*100 -> -0.063577601 | K42: 0 | T42: =IF(AND(ISNUMBER(S42),S42>0),0,IF(S42<0,1+T41,T41)) -> 0
A43: ='DRIVERS SEAT'!A43 -> 0 | B43: ='DRIVERS SEAT'!B43 -> 3865.25 | C43: ='DRIVERS SEAT'!C43 -> 3870 | D43: ='DRIVERS SEAT'!D43 -> 3859.5 | E43: ='DRIVERS SEAT'!E43 -> 3867.5 | F43: =(2/(F$35+1))*(E43-F42)+F42 -> 3877.4695 | G43: =(2/(G$35+1))*(E43-G42)+G42 -> 3880.3017 | H43: =F43-G43 -> -2.8322056 | I43: =(F43-G43)/G43*100 -> -0.072989314 | K43: 0 | P43: =IF(AND(I42>J42,I43<J43),E43,0) -> 0 | Q43: =IF(AND(I42<J42,I43>J43),E43,0) -> 0 | T43: =IF(AND(ISNUMBER(S43),S43>0),0,IF(S43<0,1+T42,T42)) -> 0
A44: ='DRIVERS SEAT'!A44 -> 0 | B44: ='DRIVERS SEAT'!B44 -> 3867.5 | C44: ='DRIVERS SEAT'!C44 -> 3874.5 | D44: ='DRIVERS SEAT'!D44 -> 3862.75 | E44: ='DRIVERS SEAT'!E44 -> 3866 | F44: =(2/(F$35+1))*(E44-F43)+F43 -> 3876.5519 | G44: =(2/(G$35+1))*(E44-G43)+G43 -> 3879.762 | H44: =F44-G44 -> -3.2100771 | I44: =(F44-G44)/G44*100 -> -0.08273902 | K44: 0 | P44: =IF(AND(I43>J43,I44<J44),E44,0) -> 0 | Q44: =IF(AND(I43<J43,I44>J44),E44,0) -> 0 | T44: =IF(AND(ISNUMBER(S44),S44>0),0,IF(S44<0,1+T43,T43)) -> 0
A45: ='DRIVERS SEAT'!A45 -> 0 | B45: ='DRIVERS SEAT'!B45 -> 3866.25 | C45: ='DRIVERS SEAT'!C45 -> 3872.5 | D45: ='DRIVERS SEAT'!D45 -> 3862.5 | E45: ='DRIVERS SEAT'!E45 -> 3871.25 | F45: =(2/(F$35+1))*(E45-F44)+F44 -> 3876.1278 | G45: =(2/(G$35+1))*(E45-G44)+G44 -> 3879.4408 | H45: =F45-G45 -> -3.3130227 | I45: =(F45-G45)/G45*100 -> -0.085399491 | K45: 0 | P45: =IF(AND(I44>J44,I45<J45),E45,0) -> 0 | Q45: =IF(AND(I44<J44,I45>J45),E45,0) -> 0 | R45: =IF(AND(P44=0,P45<>0),P45,IF(AND(Q44=0,Q45<>0),Q45,R44)) -> 0 | T45: =IF(AND(ISNUMBER(S45),S45>0),0,IF(S45<0,1+T44,T44)) -> 0
A46: ='DRIVERS SEAT'!A46 -> 0 | B46: ='DRIVERS SEAT'!B46 -> 3871 | C46: ='DRIVERS SEAT'!C46 -> 3871.75 | D46: ='DRIVERS SEAT'!D46 -> 3865 | E46: ='DRIVERS SEAT'!E46 -> 3866.5 | F46: =(2/(F$35+1))*(E46-F45)+F45 -> 3875.3575 | G46: =(2/(G$35+1))*(E46-G45)+G45 -> 3878.9524 | H46: =F46-G46 -> -3.5949118 | I46: =(F46-G46)/G46*100 -> -0.092677389 | J46: =AVERAGE(I38:I46) -> -0.05390482 | K46: 0 | P46: =IF(AND(I45>J45,I46<J46),E46,0) -> 0 | Q46: =IF(AND(I45<J45,I46>J46),E46,0) -> 0 | R46: =IF(AND(P45=0,P46<>0),P46,IF(AND(Q45=0,Q46<>0),Q46,R45)) -> 0 | S46: =IF(AND(R45<>0,R45<>R46,P46<>0),R46-R45,IF(AND(R45<>0,R45<>R46,Q46<>0),R45-R46,FALSE)) -> FALSE | T46: =IF(AND(ISNUMBER(S46),S46>0),0,IF(S46<0,1+T45,T45)) -> 0
A47: ='DRIVERS SEAT'!A47 -> 0 | B47: ='DRIVERS SEAT'!B47 -> 3866.25 | C47: ='DRIVERS SEAT'!C47 -> 3875.25 | D47: ='DRIVERS SEAT'!D47 -> 3862.5 | E47: ='DRIVERS SEAT'!E47 -> 3872.25 | F47: =(2/(F$35+1))*(E47-F46)+F46 -> 3875.1089 | G47: =(2/(G$35+1))*(E47-G46)+G46 -> 3878.6995 | H47: =F47-G47 -> -3.5905921 | I47: =(F47-G47)/G47*100 -> -0.092572061 | J47: =AVERAGE(I39:I47) -> -0.064190604 | K47: 0 | P47: =IF(AND(I46>J46,I47<J47),E47,0) -> 0 | Q47: =IF(AND(I46<J46,I47>J47),E47,0) -> 0 | R47: =IF(AND(P46=0,P47<>0),P47,IF(AND(Q46=0,Q47<>0),Q47,R46)) -> 0 | S47: =IF(AND(R46<>0,R46<>R47,P47<>0),R47-R46,IF(AND(R46<>0,R46<>R47,Q47<>0),R46-R47,FALSE)) -> FALSE | T47: =IF(AND(ISNUMBER(S47),S47>0),0,IF(S47<0,1+T46,T46)) -> 0
A48: ='DRIVERS SEAT'!A48 -> 0 | B48: ='DRIVERS SEAT'!B48 -> 3872.25 | C48: ='DRIVERS SEAT'!C48 -> 3875.25 | D48: ='DRIVERS SEAT'!D48 -> 3866.25 | E48: ='DRIVERS SEAT'!E48 -> 3870.25 | F48: =(2/(F$35+1))*(E48-F47)+F47 -> 3874.7202 | G48: =(2/(G$35+1))*(E48-G47)+G47 -> 3878.3807 | H48: =F48-G48 -> -3.6604567 | I48: =(F48-G48)/G48*100 -> -0.094381057 | J48: =AVERAGE(I40:I48) -> -0.07361916 | K48: 0 | P48: =IF(AND(I47>J47,I48<J48),E48,0) -> 0 | Q48: =IF(AND(I47<J47,I48>J48),E48,0) -> 0 | R48: =IF(AND(P47=0,P48<>0),P48,IF(AND(Q47=0,Q48<>0),Q48,R47)) -> 0 | S48: =IF(AND(R47<>0,R47<>R48,P48<>0),R48-R47,IF(AND(R47<>0,R47<>R48,Q48<>0),R47-R48,FALSE)) -> FALSE | T48: =IF(AND(ISNUMBER(S48),S48>0),0,IF(S48<0,1+T47,T47)) -> 0
A49: ='DRIVERS SEAT'!A49 -> 0 | B49: ='DRIVERS SEAT'!B49 -> 3870.25 | C49: ='DRIVERS SEAT'!C49 -> 3871.5 | D49: ='DRIVERS SEAT'!D49 -> 3856 | E49: ='DRIVERS SEAT'!E49 -> 3857.5 | F49: =(2/(F$35+1))*(E49-F48)+F48 -> 3873.3426 | G49: =(2/(G$35+1))*(E49-G48)+G48 -> 3877.5927 | H49: =F49-G49 -> -4.2501241 | I49: =(F49-G49)/G49*100 -> -0.10960728 | J49: =AVERAGE(I41:I49) -> -0.082656402 | K49: 0 | P49: =IF(AND(I48>J48,I49<J49),E49,0) -> 0 | Q49: =IF(AND(I48<J48,I49>J49),E49,0) -> 0 | R49: =IF(AND(P48=0,P49<>0),P49,IF(AND(Q48=0,Q49<>0),Q49,R48)) -> 0 | S49: =IF(AND(R48<>0,R48<>R49,P49<>0),R49-R48,IF(AND(R48<>0,R48<>R49,Q49<>0),R48-R49,FALSE)) -> FALSE | T49: =IF(AND(ISNUMBER(S49),S49>0),0,IF(S49<0,1+T48,T48)) -> 0
A50: ='DRIVERS SEAT'!A50 -> 20221102 | B50: ='DRIVERS SEAT'!B50 -> 3858.5 | C50: ='DRIVERS SEAT'!C50 -> 3860.25 | D50: ='DRIVERS SEAT'!D50 -> 3842.75 | E50: ='DRIVERS SEAT'!E50 -> 3847.75 | F50: =(2/(F$35+1))*(E50-F49)+F49 -> 3871.2952 | G50: =(2/(G$35+1))*(E50-G49)+G49 -> 3876.4666 | H50: =F50-G50 -> -5.1713915 | I50: =(F50-G50)/G50*100 -> -0.13340478 | J50: =AVERAGE(I42:I50) -> -0.091927555 | K50: 0 | P50: =IF(AND(I49>J49,I50<J50),E50,0) -> 0 | Q50: =IF(AND(I49<J49,I50>J50),E50,0) -> 0 | R50: =IF(AND(P49=0,P50<>0),P50,IF(AND(Q49=0,Q50<>0),Q50,R49)) -> 0 | S50: =IF(AND(R49<>0,R49<>R50,P50<>0),R50-R49,IF(AND(R49<>0,R49<>R50,Q50<>0),R49-R50,FALSE)) -> FALSE | T50: =IF(AND(ISNUMBER(S50),S50>0),0,IF(S50<0,1+T49,T49)) -> 0
A51: ='DRIVERS SEAT'!A51 -> 0 | B51: ='DRIVERS SEAT'!B51 -> 3847.75 | C51: ='DRIVERS SEAT'!C51 -> 3850 | D51: ='DRIVERS SEAT'!D51 -> 3840.25 | E51: ='DRIVERS SEAT'!E51 -> 3844 | F51: =(2/(F$35+1))*(E51-F50)+F50 -> 3869.1116 | G51: =(2/(G$35+1))*(E51-G50)+G50 -> 3875.2414 | H51: =F51-G51 -> -6.1298528 | I51: =(F51-G51)/G51*100 -> -0.15817989 | J51: =AVERAGE(I43:I51) -> -0.10243892 | K51: 0 | P51: =IF(AND(I50>J50,I51<J51),E51,0) -> 0 | Q51: =IF(AND(I50<J50,I51>J51),E51,0) -> 0 | R51: =IF(AND(P50=0,P51<>0),P51,IF(AND(Q50=0,Q51<>0),Q51,R50)) -> 0 | S51: =IF(AND(R50<>0,R50<>R51,P51<>0),R51-R50,IF(AND(R50<>0,R50<>R51,Q51<>0),R50-R51,FALSE)) -> FALSE | T51: =IF(AND(ISNUMBER(S51),S51>0),0,IF(S51<0,1+T50,T50)) -> 0
A52: ='DRIVERS SEAT'!A52 -> 0 | B52: ='DRIVERS SEAT'!B52 -> 3844.25 | C52: ='DRIVERS SEAT'!C52 -> 3850.5 | D52: ='DRIVERS SEAT'!D52 -> 3841.5 | E52: ='DRIVERS SEAT'!E52 -> 3843.75 | F52: =(2/(F$35+1))*(E52-F51)+F51 -> 3867.0827 | G52: =(2/(G$35+1))*(E52-G51)+G51 -> 3874.0531 | H52: =F52-G52 -> -6.9704231 | I52: =(F52-G52)/G52*100 -> -0.17992585 | J52: =AVERAGE(I44:I52) -> -0.11432076 | K52: 0 | P52: =IF(AND(I51>J51,I52<J52),E52,0) -> 0 | Q52: =IF(AND(I51<J51,I52>J52),E52,0) -> 0 | R52: =IF(AND(P51=0,P52<>0),P52,IF(AND(Q51=0,Q52<>0),Q52,R51)) -> 0 | S52: =IF(AND(R51<>0,R51<>R52,P52<>0),R52-R51,IF(AND(R51<>0,R51<>R52,Q52<>0),R51-R52,FALSE)) -> FALSE | T52: =IF(AND(ISNUMBER(S52),S52>0),0,IF(S52<0,1+T51,T51)) -> 0
A53: ='DRIVERS SEAT'!A53 -> 0 | B53: ='DRIVERS SEAT'!B53 -> 3843.75 | C53: ='DRIVERS SEAT'!C53 -> 3850.5 | D53: ='DRIVERS SEAT'!D53 -> 3841.75 | E53: ='DRIVERS SEAT'!E53 -> 3849.5 | F53: =(2/(F$35+1))*(E53-F52)+F52 -> 3865.676 | G53: =(2/(G$35+1))*(E53-G52)+G52 -> 3873.1265 | H53: =F53-G53 -> -7.450504 | I53: =(F53-G53)/G53*100 -> -0.19236407 | J53: =AVERAGE(I45:I53) -> -0.12650132 | K53: 0 | P53: =IF(AND(I52>J52,I53<J53),E53,0) -> 0 | Q53: =IF(AND(I52<J52,I53>J53),E53,0) -> 0 | R53: =IF(AND(P52=0,P53<>0),P53,IF(AND(Q52=0,Q53<>0),Q53,R52)) -> 0 | S53: =IF(AND(R52<>0,R52<>R53,P53<>0),R53-R52,IF(AND(R52<>0,R52<>R53,Q53<>0),R52-R53,FALSE)) -> FALSE | T53: =IF(AND(ISNUMBER(S53),S53>0),0,IF(S53<0,1+T52,T52)) -> 0
A54: ='DRIVERS SEAT'!A54 -> 0 | B54: ='DRIVERS SEAT'!B54 -> 3849.5 | C54: ='DRIVERS SEAT'!C54 -> 3850.25 | D54: ='DRIVERS SEAT'!D54 -> 3837.25 | E54: ='DRIVERS SEAT'!E54 -> 3838.25 | F54: =(2/(F$35+1))*(E54-F53)+F53 -> 3863.482 | G54: =(2/(G$35+1))*(E54-G53)+G53 -> 3871.8104 | H54: =F54-G54 -> -8.3284912 | I54: =(F54-G54)/G54*100 -> -0.21510586 | J54: =AVERAGE(I46:I54) -> -0.14091314 | K54: 0 | P54: =IF(AND(I53>J53,I54<J54),E54,0) -> 0 | Q54: =IF(AND(I53<J53,I54>J54),E54,0) -> 0 | R54: =IF(AND(P53=0,P54<>0),P54,IF(AND(Q53=0,Q54<>0),Q54,R53)) -> 0 | S54: =IF(AND(R53<>0,R53<>R54,P54<>0),R54-R53,IF(AND(R53<>0,R53<>R54,Q54<>0),R53-R54,FALSE)) -> FALSE | T54: =IF(AND(ISNUMBER(S54),S54>0),0,IF(S54<0,1+T53,T53)) -> 0
A55: ='DRIVERS SEAT'!A55 -> 0 | B55: ='DRIVERS SEAT'!B55 -> 3838.5 | C55: ='DRIVERS SEAT'!C55 -> 3846.25 | D55: ='DRIVERS SEAT'!D55 -> 3833 | E55: ='DRIVERS SEAT'!E55 -> 3844 | F55: =(2/(F$35+1))*(E55-F54)+F54 -> 3861.9234 | G55: =(2/(G$35+1))*(E55-G54)+G54 -> 3870.761 | H55: =F55-G55 -> -8.8375968 | I55: =(F55-G55)/G55*100 -> -0.22831678 | J55: =AVERAGE(I47:I55) -> -0.15598418 | K55: 0 | P55: =IF(AND(I54>J54,I55<J55),E55,0) -> 0 | Q55: =IF(AND(I54<J54,I55>J55),E55,0) -> 0 | R55: =IF(AND(P54=0,P55<>0),P55,IF(AND(Q54=0,Q55<>0),Q55,R54)) -> 0 | S55: =IF(AND(R54<>0,R54<>R55,P55<>0),R55-R54,IF(AND(R54<>0,R54<>R55,Q55<>0),R54-R55,FALSE)) -> FALSE | T55: =IF(AND(ISNUMBER(S55),S55>0),0,IF(S55<0,1+T54,T54)) -> 0
A56: ='DRIVERS SEAT'!A56 -> 0 | B56: ='DRIVERS SEAT'!B56 -> 3844 | C56: ='DRIVERS SEAT'!C56 -> 3844.25 | D56: ='DRIVERS SEAT'!D56 -> 3839 | E56: ='DRIVERS SEAT'!E56 -> 3841.75 | F56: =(2/(F$35+1))*(E56-F55)+F55 -> 3860.3095 | G56: =(2/(G$35+1))*(E56-G55)+G55 -> 3869.6662 | H56: =F56-G56 -> -9.3567141 | I56: =(F56-G56)/G56*100 -> -0.24179641 | J56: =AVERAGE(I48:I56) -> -0.17256467 | K56: 0 | P56: =IF(AND(I55>J55,I56<J56),E56,0) -> 0 | Q56: =IF(AND(I55<J55,I56>J56),E56,0) -> 0 | R56: =IF(AND(P55=0,P56<>0),P56,IF(AND(Q55=0,Q56<>0),Q56,R55)) -> 0 | S56: =IF(AND(R55<>0,R55<>R56,P56<>0),R56-R55,IF(AND(R55<>0,R55<>R56,Q56<>0),R55-R56,FALSE)) -> FALSE | T56: =IF(AND(ISNUMBER(S56),S56>0),0,IF(S56<0,1+T55,T55)) -> 0
A57: ='DRIVERS SEAT'!A57 -> 0 | B57: ='DRIVERS SEAT'!B57 -> 3841.75 | C57: ='DRIVERS SEAT'!C57 -> 3899.5 | D57: ='DRIVERS SEAT'!D57 -> 3839.5 | E57: ='DRIVERS SEAT'!E57 -> 3889 | F57: =(2/(F$35+1))*(E57-F56)+F56 -> 3862.6048 | G57: =(2/(G$35+1))*(E57-G56)+G56 -> 3870.3958 | H57: =F57-G57 -> -7.7910521 | I57: =(F57-G57)/G57*100 -> -0.20129859 | J57: =AVERAGE(I49:I57) -> -0.18444439 | K57: 0 | P57: =IF(AND(I56>J56,I57<J57),E57,0) -> 0 | Q57: =IF(AND(I56<J56,I57>J57),E57,0) -> 0 | R57: =IF(AND(P56=0,P57<>0),P57,IF(AND(Q56=0,Q57<>0),Q57,R56)) -> 0 | S57: =IF(AND(R56<>0,R56<>R57,P57<>0),R57-R56,IF(AND(R56<>0,R56<>R57,Q57<>0),R56-R57,FALSE)) -> FALSE | T57: =IF(AND(ISNUMBER(S57),S57>0),0,IF(S57<0,1+T56,T56)) -> 0
... A1054: ='DRIVERS SEAT'!A1054 -> 0 | B1054: ='DRIVERS SEAT'!B1054 -> 4030 | C1054: ='DRIVERS SEAT'!C1054 -> 4031 | D1054: ='DRIVERS SEAT'!D1054 -> 4009 | E1054: ='DRIVERS SEAT'!E1054 -> 4010.75 | F1054: =(2/(F$35+1))*(E1054-F1053)+F1053 -> 4038.3563 | G1054: =(2/(G$35+1))*(E1054-G1053)+G1053 -> 4021.7551 | H1054: =F1054-G1054 -> 16.601199 | I1054: =(F1054-G1054)/G1054*100 -> 0.41278494 | J1054: =AVERAGE(I1046:I1054) -> 0.51964999 | K1054: 0 | P1054: =IF(AND(I1053>J1053,I1054<J1054),E1054,0) -> 0 | Q1054: =IF(AND(I1053<J1053,I1054>J1054),E1054,0) -> 0 | R1054: =IF(AND(P1053=0,P1054<>0),P1054,IF(AND(Q1053=0,Q1054<>0),Q1054,R1053)) -> 4053.25 | S1054: =IF(AND(R1053<>0,R1053<>R1054,P1054<>0),R1054-R1053,IF(AND(R1053<>0,R1053<>R1054,Q1054<>0),R1053-R1054,FALSE)) -> FALSE | T1054: =IF(AND(ISNUMBER(S1054),S1054>0),0,IF(S1054<0,1+T1053,T1053)) -> 0
A1055: ='DRIVERS SEAT'!A1055 -> 0 | B1055: ='DRIVERS SEAT'!B1055 -> 4010.75 | C1055: ='DRIVERS SEAT'!C1055 -> 4010.75 | D1055: ='DRIVERS SEAT'!D1055 -> 4010.75 | E1055: ='DRIVERS SEAT'!E1055 -> 4010.75
A1056: ='DRIVERS SEAT'!A1056 -> 0 | B1056: ='DRIVERS SEAT'!B1056 -> 4010.75 | C1056: ='DRIVERS SEAT'!C1056 -> 4010.75 | D1056: ='DRIVERS SEAT'!D1056 -> 4010.75 | E1056: ='DRIVERS SEAT'!E1056 -> 4010.75
A1057: ='DRIVERS SEAT'!A1057 -> 0 | B1057: ='DRIVERS SEAT'!B1057 -> 4010.75 | C1057: ='DRIVERS SEAT'!C1057 -> 4010.75 | D1057: ='DRIVERS SEAT'!D1057 -> 4010.75 | E1057: ='DRIVERS SEAT'!E1057 -> 4010.75
A1058: ='DRIVERS SEAT'!A1058 -> 0 | B1058: ='DRIVERS SEAT'!B1058 -> 4010.75 | C1058: ='DRIVERS SEAT'!C1058 -> 4010.75 | D1058: ='DRIVERS SEAT'!D1058 -> 4010.75 | E1058: ='DRIVERS SEAT'!E1058 -> 4010.75
A1059: ='DRIVERS SEAT'!A1059 -> 0 | B1059: ='DRIVERS SEAT'!B1059 -> 4010.75 | C1059: ='DRIVERS SEAT'!C1059 -> 4010.75 | D1059: ='DRIVERS SEAT'!D1059 -> 4010.75 | E1059: ='DRIVERS SEAT'!E1059 -> 4010.75
A1060: ='DRIVERS SEAT'!A1060 -> 0 | B1060: ='DRIVERS SEAT'!B1060 -> 4010.75 | C1060: ='DRIVERS SEAT'!C1060 -> 4010.75 | D1060: ='DRIVERS SEAT'!D1060 -> 4010.75 | E1060: ='DRIVERS SEAT'!E1060 -> 4010.75
A1061: ='DRIVERS SEAT'!A1061 -> 0 | B1061: ='DRIVERS SEAT'!B1061 -> 4010.75 | C1061: ='DRIVERS SEAT'!C1061 -> 4010.75 | D1061: ='DRIVERS SEAT'!D1061 -> 4010.75 | E1061: ='DRIVERS SEAT'!E1061 -> 4010.75
A1062: ='DRIVERS SEAT'!A1062 -> 0 | B1062: ='DRIVERS SEAT'!B1062 -> 4010.75 | C1062: ='DRIVERS SEAT'!C1062 -> 4010.75 | D1062: ='DRIVERS SEAT'!D1062 -> 4010.75 | E1062: ='DRIVERS SEAT'!E1062 -> 4010.75
A1063: ='DRIVERS SEAT'!A1063 -> 0 | B1063: ='DRIVERS SEAT'!B1063 -> 4010.75 | C1063: ='DRIVERS SEAT'!C1063 -> 4010.75 | D1063: ='DRIVERS SEAT'!D1063 -> 4010.75 | E1063: ='DRIVERS SEAT'!E1063 -> 4010.75
A1064: ='DRIVERS SEAT'!A1064 -> 20230308 | B1064: ='DRIVERS SEAT'!B1064 -> 4010.75 | C1064: ='DRIVERS SEAT'!C1064 -> 4010.75 | D1064: ='DRIVERS SEAT'!D1064 -> 4010.75 | E1064: ='DRIVERS SEAT'!E1064 -> 4010.75
A1065: ='DRIVERS SEAT'!A1065 -> 0 | B1065: ='DRIVERS SEAT'!B1065 -> 4010.75 | C1065: ='DRIVERS SEAT'!C1065 -> 4010.75 | D1065: ='DRIVERS SEAT'!D1065 -> 4010.75 | E1065: ='DRIVERS SEAT'!E1065 -> 4010.75
A1066: ='DRIVERS SEAT'!A1066 -> 0 | B1066: ='DRIVERS SEAT'!B1066 -> 4010.75 | C1066: ='DRIVERS SEAT'!C1066 -> 4010.75 | D1066: ='DRIVERS SEAT'!D1066 -> 4010.75 | E1066: ='DRIVERS SEAT'!E1066 -> 4010.75
... A1123: ='DRIVERS SEAT'!A1123 -> 0 | B1123: ='DRIVERS SEAT'!B1123 -> 4010.75 | C1123: ='DRIVERS SEAT'!C1123 -> 4010.75 | D1123: ='DRIVERS SEAT'!D1123 -> 4010.75 | E1123: ='DRIVERS SEAT'!E1123 -> 4010.75

Sheet PPO (2)
S1: Gross Profit:
P2: Average Trade: | R2: >1.20 is good. | S2: =SUMIF(S38:S15039,">0")*'DRIVERS SEAT'!$C$1 -> 86712.5
P3: =S34/S29 -> 497.30769 | R3: sunny harris per-
P4: # Trds to match Start Capital: | R4: formance ratio: | S4: Gross Loss:
P5: =$M$12/P3 -> 50.270688 | R5: =S13*S23 -> 1.7416929 | S5: =SUMIF(S38:S15039,"<0")*'DRIVERS SEAT'!$C$1 -> -44637.5
S6: =S2-ABS(S5) -> 42075
S7: Reward/Risk Ratio:
Q8: Edward Thorp & | S8: =S34/S10 -> #NUM!
Q9: Bennett A. McDowell & | S9: MAX DD:
M10: Starting | Q10: Nauzer J. Balsara and | S10: =LARGE(AB38:AB15039,1) -> #NUM!
M11: Equity | Q11: Larry Williams method | R11: my standard method: | S11: Payoff Ratio
M12: 25000 | N12: <--this is adjustable | Q12: of calculating kelly ratio: | R12: kelly ratio: | S12: times PF:
Q13: =(((S15+1)*S23)-1)/S15 -> 0.26127455 | R13: =((S23*S15)-(1-S23))/S15 -> 0.26127455 | S13: =S15*S17 -> 3.2345726
O14: Ed thorp's optimal f | Q14: Full value of Kelly %--> | R14: =$M$12*$R$13 -> 6531.8637 | S14: Payoff(W/L) Ratio:
O15: (((W/L) + 1) *Win% - 1)/(W/L) | Q15: 1/2 of Kelly %---> | R15: =R14/2 -> 3265.9318 | S15: =S21/ABS(S19) -> 1.6650798
O16: =(((S15)+1)*S23-1)/(S15) -> 0.26127455 | Q16: 1/4 of Kelly %---> | R16: =R14/4 -> 1632.9659 | S16: Profit Factor:
S17: =SUMIF(S38:S15039,">0")/ABS(SUMIF(S38:S15039,"<=0")) -> 1.9425931
S18: Average Loss:
L19: using APPT | O19: APPT= | P19: =(S23*S21)-((1-S23)*ABS(S19)) -> 647.30769 | S19: =(SUMIF(S38:S15039,"<0")/S27)*'DRIVERS SEAT'!$C$1 -> -1487.9167
L20: Time to earn (amount) | M20: 4000 | N20: <--this is adjustable | O20: Avg Profitability Per Trade = (Win%* Avg Win) - (Loss% * ABS(Avg Loss)) | S20: Average Win:
L21: ="# trades to earn "&M20 -> # trades to earn 4000 | M21: =ROUNDUP(M20/P19,0) -> 7 | O21: Three Methods of Calculating Expectancy (in green below) | S21: =(SUMIF(S38:S15039,">0")/S25)*'DRIVERS SEAT'!$C$1 -> 2477.5
O22: =ABS(S21/S19) -> 1.6650798 | P22: Reward/risk | S22: Win Percent:
O23: =S23 -> 0.53846154 | P23: win ratio | S23: =S25/S29 -> 0.53846154
O24: =1-S23 -> 0.46153846 | P24: loss ratio | S24: #Winning Trds:
M25: EXPECTANCY----> | O25: =(O22*O23)-O24 -> 0.43504297 | P25: <--expectancy | S25: =COUNTIF(S38:S15039,">0") -> 35
M26: EXPECTANCY----> | O26: =((S21*S23)+(S19*(1-S23)))/ABS(S19) -> 0.43504297 | P26: <--expectancy | S26: # Losing Trds:
M27: EXPECTANCY-----> | O27: =(1+(S21/ABS(S19)))*S23-1 -> 0.43504297 | P27: <--another formula for expectancy | S27: =COUNTIF(S38:S15039,"<=0") -> 30
S28: Total # of Trds: | U28: RED DOTS = go short
L29: See the following web site for more information….. | S29: =COUNT(S38:S15039) -> 65 | U29: GREEN DOTS=go long
L30: What is Percentage Price Oscillator? (PPO)?
L31: https://www.investopedia.com/terms/p/ppo.asp | T31: Actual
G32: adjustable | S32: Total P/L: | T32: Consecutive
F33: adjustable | H33: PPO based | S33: =SUM(S38:S15039) -> 841.5 | T33: Losses:
H34: MACD | I34: Percentage | K34: Zero | S34: =(S$33*'DRIVERS SEAT'!$C$1)-(S$29*'DRIVERS SEAT'!$C$2) -> 32325 | T34: =MAX(T38:T15038,1) -> 6
F35: 12 | G35: 26 | H35: (col F-bar e.m.a. | I35: Price | J35: 9 | K35: Line
F36: Bar | G36: Bar | H36: minus col G bar | I36: Oscillator | J36: period | K36: For | T36: Consecutive
A37: Date | B37: Open | C37: High | D37: Low | E37: Close | F37: e.m.a. | G37: e.m.a. | H37: ema) | I37: PPO | J37: s.m.a. | K37: Chart | T37: Losses:
A38: ='DRIVERS SEAT'!A38 -> 20221101 | B38: ='DRIVERS SEAT'!B38 -> 3921.75 | C38: ='DRIVERS SEAT'!C38 -> 3924.25 | D38: ='DRIVERS SEAT'!D38 -> 3882.25 | E38: ='DRIVERS SEAT'!E38 -> 3883.25 | F38: =E38 -> 3883.25 | G38: =E38 -> 3883.25 | H38: =F38-G38 -> 0 | I38: =(F38-G38)/G38*100 -> 0 | K38: 0 | P38: Crossover | Q38: Crossover | R38: ENTRY | T38: 0
A39: ='DRIVERS SEAT'!A39 -> 0 | B39: ='DRIVERS SEAT'!B39 -> 3883.25 | C39: ='DRIVERS SEAT'!C39 -> 3887 | D39: ='DRIVERS SEAT'!D39 -> 3869.75 | E39: ='DRIVERS SEAT'!E39 -> 3874.5 | F39: =(2/(F$35+1))*(E39-F38)+F38 -> 3881.9038 | G39: =(2/(G$35+1))*(E39-G38)+G38 -> 3882.6019 | H39: =F39-G39 -> -0.6980057 | I39: =(F39-G39)/G39*100 -> -0.017977782 | J39: s.m.a. | K39: 0 | P39: Short | Q39: Long | R39: SIGNAL | T39: =IF(AND(ISNUMBER(S39),S39>0),0,IF(S39<0,1+T38,T38)) -> 0
A40: ='DRIVERS SEAT'!A40 -> 0 | B40: ='DRIVERS SEAT'!B40 -> 3874.25 | C40: ='DRIVERS SEAT'!C40 -> 3874.25 | D40: ='DRIVERS SEAT'!D40 -> 3855.5 | E40: ='DRIVERS SEAT'!E40 -> 3865 | F40: =(2/(F$35+1))*(E40-F39)+F39 -> 3879.3033 | G40: =(2/(G$35+1))*(E40-G39)+G39 -> 3881.298 | H40: =F40-G40 -> -1.9947565 | I40: =(F40-G40)/G40*100 -> -0.051394058 | J40: for | K40: 0 | R40: long and | T40: =IF(AND(ISNUMBER(S40),S40>0),0,IF(S40<0,1+T39,T39)) -> 0
A41: ='DRIVERS SEAT'!A41 -> 0 | B41: ='DRIVERS SEAT'!B41 -> 3864.75 | C41: ='DRIVERS SEAT'!C41 -> 3868.25 | D41: ='DRIVERS SEAT'!D41 -> 3852.5 | E41: ='DRIVERS SEAT'!E41 -> 3860.25 | F41: =(2/(F$35+1))*(E41-F40)+F40 -> 3876.372 | G41: =(2/(G$35+1))*(E41-G40)+G40 -> 3879.7389 | H41: =F41-G41 -> -3.3669145 | I41: =(F41-G41)/G41*100 -> -0.086781987 | J41: Signal | K41: 0 | R41: short | T41: =IF(AND(ISNUMBER(S41),S41>0),0,IF(S41<0,1+T40,T40)) -> 0
A42: ='DRIVERS SEAT'!A42 -> 0 | B42: ='DRIVERS SEAT'!B42 -> 3860.25 | C42: ='DRIVERS SEAT'!C42 -> 3880.25 | D42: ='DRIVERS SEAT'!D42 -> 3858.5 | E42: ='DRIVERS SEAT'!E42 -> 3865.25 | F42: =(2/(F$35+1))*(E42-F41)+F41 -> 3874.6609 | G42: =(2/(G$35+1))*(E42-G41)+G41 -> 3878.6656 | H42: =F42-G42 -> -4.0047373 | I42: =(F42-G42)/G42*100 -> -0.10325039 | K42: 0 | T42: =IF(AND(ISNUMBER(S42),S42>0),0,IF(S42<0,1+T41,T41)) -> 0
A43: ='DRIVERS SEAT'!A43 -> 0 | B43: ='DRIVERS SEAT'!B43 -> 3865.25 | C43: ='DRIVERS SEAT'!C43 -> 3870 | D43: ='DRIVERS SEAT'!D43 -> 3859.5 | E43: ='DRIVERS SEAT'!E43 -> 3867.5 | F43: =(2/(F$35+1))*(E43-F42)+F42 -> 3873.5592 | G43: =(2/(G$35+1))*(E43-G42)+G42 -> 3877.8386 | H43: =F43-G43 -> -4.2793308 | I43: =(F43-G43)/G43*100 -> -0.1103535 | K43: 0 | P43: =IF(AND(I42>J42,I43<J43),E43,0) -> 0 | Q43: =IF(AND(I42<J42,I43>J43),E43,0) -> 0 | T43: =IF(AND(ISNUMBER(S43),S43>0),0,IF(S43<0,1+T42,T42)) -> 0
A44: ='DRIVERS SEAT'!A44 -> 0 | B44: ='DRIVERS SEAT'!B44 -> 3867.5 | C44: ='DRIVERS SEAT'!C44 -> 3874.5 | D44: ='DRIVERS SEAT'!D44 -> 3862.75 | E44: ='DRIVERS SEAT'!E44 -> 3866 | F44: =(2/(F$35+1))*(E44-F43)+F43 -> 3872.3963 | G44: =(2/(G$35+1))*(E44-G43)+G43 -> 3876.9616 | H44: =F44-G44 -> -4.5653589 | I44: =(F44-G44)/G44*100 -> -0.1177561 | K44: 0 | P44: =IF(AND(I43>J43,I44<J44),E44,0) -> 0 | Q44: =IF(AND(I43<J43,I44>J44),E44,0) -> 0 | T44: =IF(AND(ISNUMBER(S44),S44>0),0,IF(S44<0,1+T43,T43)) -> 0
A45: ='DRIVERS SEAT'!A45 -> 0 | B45: ='DRIVERS SEAT'!B45 -> 3866.25 | C45: ='DRIVERS SEAT'!C45 -> 3872.5 | D45: ='DRIVERS SEAT'!D45 -> 3862.5 | E45: ='DRIVERS SEAT'!E45 -> 3871.25 | F45: =(2/(F$35+1))*(E45-F44)+F44 -> 3872.2199 | G45: =(2/(G$35+1))*(E45-G44)+G44 -> 3876.5385 | H45: =F45-G45 -> -4.3186248 | I45: =(F45-G45)/G45*100 -> -0.11140415 | K45: 0 | P45: =IF(AND(I44>J44,I45<J45),E45,0) -> 0 | Q45: =IF(AND(I44<J44,I45>J45),E45,0) -> 0 | R45: =IF(AND(P44=0,P45<>0),P45,IF(AND(Q44=0,Q45<>0),Q45,R44)) -> 0 | T45: =IF(AND(ISNUMBER(S45),S45>0),0,IF(S45<0,1+T44,T44)) -> 0
A46: ='DRIVERS SEAT'!A46 -> 0 | B46: ='DRIVERS SEAT'!B46 -> 3871 | C46: ='DRIVERS SEAT'!C46 -> 3871.75 | D46: ='DRIVERS SEAT'!D46 -> 3865 | E46: ='DRIVERS SEAT'!E46 -> 3866.5 | F46: =(2/(F$35+1))*(E46-F45)+F45 -> 3871.3399 | G46: =(2/(G$35+1))*(E46-G45)+G45 -> 3875.795 | H46: =F46-G46 -> -4.4550168 | I46: =(F46-G46)/G46*100 -> -0.11494459 | J46: =AVERAGE(I38:I46) -> -0.079318063 | K46: 0 | P46: =IF(AND(I45>J45,I46<J46),E46,0) -> 0 | Q46: =IF(AND(I45<J45,I46>J46),E46,0) -> 0 | R46: =IF(AND(P45=0,P46<>0),P46,IF(AND(Q45=0,Q46<>0),Q46,R45)) -> 0 | S46: =IF(AND(R45<>0,R45<>R46,P46<>0),R46-R45,IF(AND(R45<>0,R45<>R46,Q46<>0),R45-R46,FALSE)) -> FALSE | T46: =IF(AND(ISNUMBER(S46),S46>0),0,IF(S46<0,1+T45,T45)) -> 0
A47: ='DRIVERS SEAT'!A47 -> 0 | B47: ='DRIVERS SEAT'!B47 -> 3866.25 | C47: ='DRIVERS SEAT'!C47 -> 3875.25 | D47: ='DRIVERS SEAT'!D47 -> 3862.5 | E47: ='DRIVERS SEAT'!E47 -> 3872.25 | F47: =(2/(F$35+1))*(E47-F46)+F46 -> 3871.4799 | G47: =(2/(G$35+1))*(E47-G46)+G46 -> 3875.5324 | H47: =F47-G47 -> -4.0524178 | I47: =(F47-G47)/G47*100 -> -0.10456416 | J47: =AVERAGE(I39:I47) -> -0.090936302 | K47: 0 | P47: =IF(AND(I46>J46,I47<J47),E47,0) -> 0 | Q47: =IF(AND(I46<J46,I47>J47),E47,0) -> 0 | R47: =IF(AND(P46=0,P47<>0),P47,IF(AND(Q46=0,Q47<>0),Q47,R46)) -> 0 | S47: =IF(AND(R46<>0,R46<>R47,P47<>0),R47-R46,IF(AND(R46<>0,R46<>R47,Q47<>0),R46-R47,FALSE)) -> FALSE | T47: =IF(AND(ISNUMBER(S47),S47>0),0,IF(S47<0,1+T46,T46)) -> 0
A48: ='DRIVERS SEAT'!A48 -> 0 | B48: ='DRIVERS SEAT'!B48 -> 3872.25 | C48: ='DRIVERS SEAT'!C48 -> 3875.25 | D48: ='DRIVERS SEAT'!D48 -> 3866.25 | E48: ='DRIVERS SEAT'!E48 -> 3870.25 | F48: =(2/(F$35+1))*(E48-F47)+F47 -> 3871.2907 | G48: =(2/(G$35+1))*(E48-G47)+G47 -> 3875.1411 | H48: =F48-G48 -> -3.8503539 | I48: =(F48-G48)/G48*100 -> -0.099360355 | J48: =AVERAGE(I40:I48) -> -0.099978811 | K48: 0 | P48: =IF(AND(I47>J47,I48<J48),E48,0) -> 0 | Q48: =IF(AND(I47<J47,I48>J48),E48,0) -> 3870.25 | R48: =IF(AND(P47=0,P48<>0),P48,IF(AND(Q47=0,Q48<>0),Q48,R47)) -> 3870.25 | S48: =IF(AND(R47<>0,R47<>R48,P48<>0),R48-R47,IF(AND(R47<>0,R47<>R48,Q48<>0),R47-R48,FALSE)) -> FALSE | T48: =IF(AND(ISNUMBER(S48),S48>0),0,IF(S48<0,1+T47,T47)) -> 0
A49: ='DRIVERS SEAT'!A49 -> 0 | B49: ='DRIVERS SEAT'!B49 -> 3870.25 | C49: ='DRIVERS SEAT'!C49 -> 3871.5 | D49: ='DRIVERS SEAT'!D49 -> 3856 | E49: ='DRIVERS SEAT'!E49 -> 3857.5 | F49: =(2/(F$35+1))*(E49-F48)+F48 -> 3869.1691 | G49: =(2/(G$35+1))*(E49-G48)+G48 -> 3873.8343 | H49: =F49-G49 -> -4.6652572 | I49: =(F49-G49)/G49*100 -> -0.12042996 | J49: =AVERAGE(I41:I49) -> -0.10764947 | K49: 0 | P49: =IF(AND(I48>J48,I49<J49),E49,0) -> 3857.5 | Q49: =IF(AND(I48<J48,I49>J49),E49,0) -> 0 | R49: =IF(AND(P48=0,P49<>0),P49,IF(AND(Q48=0,Q49<>0),Q49,R48)) -> 3857.5 | S49: =IF(AND(R48<>0,R48<>R49,P49<>0),R49-R48,IF(AND(R48<>0,R48<>R49,Q49<>0),R48-R49,FALSE)) -> -12.75 | T49: =IF(AND(ISNUMBER(S49),S49>0),0,IF(S49<0,1+T48,T48)) -> 1
A50: ='DRIVERS SEAT'!A50 -> 20221102 | B50: ='DRIVERS SEAT'!B50 -> 3858.5 | C50: ='DRIVERS SEAT'!C50 -> 3860.25 | D50: ='DRIVERS SEAT'!D50 -> 3842.75 | E50: ='DRIVERS SEAT'!E50 -> 3847.75 | F50: =(2/(F$35+1))*(E50-F49)+F49 -> 3865.8738 | G50: =(2/(G$35+1))*(E50-G49)+G49 -> 3871.9022 | H50: =F50-G50 -> -6.0283266 | I50: =(F50-G50)/G50*100 -> -0.15569419 | J50: =AVERAGE(I42:I50) -> -0.11530638 | K50: 0 | P50: =IF(AND(I49>J49,I50<J50),E50,0) -> 0 | Q50: =IF(AND(I49<J49,I50>J50),E50,0) -> 0 | R50: =IF(AND(P49=0,P50<>0),P50,IF(AND(Q49=0,Q50<>0),Q50,R49)) -> 3857.5 | S50: =IF(AND(R49<>0,R49<>R50,P50<>0),R50-R49,IF(AND(R49<>0,R49<>R50,Q50<>0),R49-R50,FALSE)) -> FALSE | T50: =IF(AND(ISNUMBER(S50),S50>0),0,IF(S50<0,1+T49,T49)) -> 1
A51: ='DRIVERS SEAT'!A51 -> 0 | B51: ='DRIVERS SEAT'!B51 -> 3847.75 | C51: ='DRIVERS SEAT'!C51 -> 3850 | D51: ='DRIVERS SEAT'!D51 -> 3840.25 | E51: ='DRIVERS SEAT'!E51 -> 3844 | F51: =(2/(F$35+1))*(E51-F50)+F50 -> 3862.5086 | G51: =(2/(G$35+1))*(E51-G50)+G50 -> 3869.8353 | H51: =F51-G51 -> -7.3267049 | I51: =(F51-G51)/G51*100 -> -0.18932859 | J51: =AVERAGE(I43:I51) -> -0.12487062 | K51: 0 | P51: =IF(AND(I50>J50,I51<J51),E51,0) -> 0 | Q51: =IF(AND(I50<J50,I51>J51),E51,0) -> 0 | R51: =IF(AND(P50=0,P51<>0),P51,IF(AND(Q50=0,Q51<>0),Q51,R50)) -> 3857.5 | S51: =IF(AND(R50<>0,R50<>R51,P51<>0),R51-R50,IF(AND(R50<>0,R50<>R51,Q51<>0),R50-R51,FALSE)) -> FALSE | T51: =IF(AND(ISNUMBER(S51),S51>0),0,IF(S51<0,1+T50,T50)) -> 1
A52: ='DRIVERS SEAT'!A52 -> 0 | B52: ='DRIVERS SEAT'!B52 -> 3844.25 | C52: ='DRIVERS SEAT'!C52 -> 3850.5 | D52: ='DRIVERS SEAT'!D52 -> 3841.5 | E52: ='DRIVERS SEAT'!E52 -> 3843.75 | F52: =(2/(F$35+1))*(E52-F51)+F51 -> 3859.6227 | G52: =(2/(G$35+1))*(E52-G51)+G51 -> 3867.9031 | H52: =F52-G52 -> -8.2804006 | I52: =(F52-G52)/G52*100 -> -0.21407984 | J52: =AVERAGE(I44:I52) -> -0.13639577 | K52: 0 | P52: =IF(AND(I51>J51,I52<J52),E52,0) -> 0 | Q52: =IF(AND(I51<J51,I52>J52),E52,0) -> 0 | R52: =IF(AND(P51=0,P52<>0),P52,IF(AND(Q51=0,Q52<>0),Q52,R51)) -> 3857.5 | S52: =IF(AND(R51<>0,R51<>R52,P52<>0),R52-R51,IF(AND(R51<>0,R51<>R52,Q52<>0),R51-R52,FALSE)) -> FALSE | T52: =IF(AND(ISNUMBER(S52),S52>0),0,IF(S52<0,1+T51,T51)) -> 1
A53: ='DRIVERS SEAT'!A53 -> 0 | B53: ='DRIVERS SEAT'!B53 -> 3843.75 | C53: ='DRIVERS SEAT'!C53 -> 3850.5 | D53: ='DRIVERS SEAT'!D53 -> 3841.75 | E53: ='DRIVERS SEAT'!E53 -> 3849.5 | F53: =(2/(F$35+1))*(E53-F52)+F52 -> 3858.0653 | G53: =(2/(G$35+1))*(E53-G52)+G52 -> 3866.5399 | H53: =F53-G53 -> -8.4745451 | I53: =(F53-G53)/G53*100 -> -0.21917646 | J53: =AVERAGE(I45:I53) -> -0.1476647 | K53: 0 | P53: =IF(AND(I52>J52,I53<J53),E53,0) -> 0 | Q53: =IF(AND(I52<J52,I53>J53),E53,0) -> 0 | R53: =IF(AND(P52=0,P53<>0),P53,IF(AND(Q52=0,Q53<>0),Q53,R52)) -> 3857.5 | S53: =IF(AND(R52<>0,R52<>R53,P53<>0),R53-R52,IF(AND(R52<>0,R52<>R53,Q53<>0),R52-R53,FALSE)) -> FALSE | T53: =IF(AND(ISNUMBER(S53),S53>0),0,IF(S53<0,1+T52,T52)) -> 1
A54: ='DRIVERS SEAT'!A54 -> 0 | B54: ='DRIVERS SEAT'!B54 -> 3849.5 | C54: ='DRIVERS SEAT'!C54 -> 3850.25 | D54: ='DRIVERS SEAT'!D54 -> 3837.25 | E54: ='DRIVERS SEAT'!E54 -> 3838.25 | F54: =(2/(F$35+1))*(E54-F53)+F53 -> 3855.0168 | G54: =(2/(G$35+1))*(E54-G53)+G53 -> 3864.4443 | H54: =F54-G54 -> -9.4275126 | I54: =(F54-G54)/G54*100 -> -0.24395519 | J54: =AVERAGE(I46:I54) -> -0.16239259 | K54: 0 | P54: =IF(AND(I53>J53,I54<J54),E54,0) -> 0 | Q54: =IF(AND(I53<J53,I54>J54),E54,0) -> 0 | R54: =IF(AND(P53=0,P54<>0),P54,IF(AND(Q53=0,Q54<>0),Q54,R53)) -> 3857.5 | S54: =IF(AND(R53<>0,R53<>R54,P54<>0),R54-R53,IF(AND(R53<>0,R53<>R54,Q54<>0),R53-R54,FALSE)) -> FALSE | T54: =IF(AND(ISNUMBER(S54),S54>0),0,IF(S54<0,1+T53,T53)) -> 1
A55: ='DRIVERS SEAT'!A55 -> 0 | B55: ='DRIVERS SEAT'!B55 -> 3838.5 | C55: ='DRIVERS SEAT'!C55 -> 3846.25 | D55: ='DRIVERS SEAT'!D55 -> 3833 | E55: ='DRIVERS SEAT'!E55 -> 3844 | F55: =(2/(F$35+1))*(E55-F54)+F54 -> 3853.3219 | G55: =(2/(G$35+1))*(E55-G54)+G54 -> 3862.9299 | H55: =F55-G55 -> -9.608014 | I55: =(F55-G55)/G55*100 -> -0.24872348 | J55: =AVERAGE(I47:I55) -> -0.17725691 | K55: 0 | P55: =IF(AND(I54>J54,I55<J55),E55,0) -> 0 | Q55: =IF(AND(I54<J54,I55>J55),E55,0) -> 0 | R55: =IF(AND(P54=0,P55<>0),P55,IF(AND(Q54=0,Q55<>0),Q55,R54)) -> 3857.5 | S55: =IF(AND(R54<>0,R54<>R55,P55<>0),R55-R54,IF(AND(R54<>0,R54<>R55,Q55<>0),R54-R55,FALSE)) -> FALSE | T55: =IF(AND(ISNUMBER(S55),S55>0),0,IF(S55<0,1+T54,T54)) -> 1
A56: ='DRIVERS SEAT'!A56 -> 0 | B56: ='DRIVERS SEAT'!B56 -> 3844 | C56: ='DRIVERS SEAT'!C56 -> 3844.25 | D56: ='DRIVERS SEAT'!D56 -> 3839 | E56: ='DRIVERS SEAT'!E56 -> 3841.75 | F56: =(2/(F$35+1))*(E56-F55)+F55 -> 3851.5416 | G56: =(2/(G$35+1))*(E56-G55)+G55 -> 3861.3611 | H56: =F56-G56 -> -9.8194266 | I56: =(F56-G56)/G56*100 -> -0.25429962 | J56: =AVERAGE(I48:I56) -> -0.19389419 | K56: 0 | P56: =IF(AND(I55>J55,I56<J56),E56,0) -> 0 | Q56: =IF(AND(I55<J55,I56>J56),E56,0) -> 0 | R56: =IF(AND(P55=0,P56<>0),P56,IF(AND(Q55=0,Q56<>0),Q56,R55)) -> 3857.5 | S56: =IF(AND(R55<>0,R55<>R56,P56<>0),R56-R55,IF(AND(R55<>0,R55<>R56,Q56<>0),R55-R56,FALSE)) -> FALSE | T56: =IF(AND(ISNUMBER(S56),S56>0),0,IF(S56<0,1+T55,T55)) -> 1
A57: ='DRIVERS SEAT'!A57 -> 0 | B57: ='DRIVERS SEAT'!B57 -> 3841.75 | C57: ='DRIVERS SEAT'!C57 -> 3899.5 | D57: ='DRIVERS SEAT'!D57 -> 3839.5 | E57: ='DRIVERS SEAT'!E57 -> 3889 | F57: =(2/(F$35+1))*(E57-F56)+F56 -> 3857.3045 | G57: =(2/(G$35+1))*(E57-G56)+G56 -> 3863.4084 | H57: =F57-G57 -> -6.1039302 | I57: =(F57-G57)/G57*100 -> -0.1579934 | J57: =AVERAGE(I49:I57) -> -0.20040897 | K57: 0 | P57: =IF(AND(I56>J56,I57<J57),E57,0) -> 0 | Q57: =IF(AND(I56<J56,I57>J57),E57,0) -> 3889 | R57: =IF(AND(P56=0,P57<>0),P57,IF(AND(Q56=0,Q57<>0),Q57,R56)) -> 3889 | S57: =IF(AND(R56<>0,R56<>R57,P57<>0),R57-R56,IF(AND(R56<>0,R56<>R57,Q57<>0),R56-R57,FALSE)) -> -31.5 | T57: =IF(AND(ISNUMBER(S57),S57>0),0,IF(S57<0,1+T56,T56)) -> 2
... A1054: ='DRIVERS SEAT'!A1054 -> 0 | B1054: ='DRIVERS SEAT'!B1054 -> 4030 | C1054: ='DRIVERS SEAT'!C1054 -> 4031 | D1054: ='DRIVERS SEAT'!D1054 -> 4009 | E1054: ='DRIVERS SEAT'!E1054 -> 4010.75 | F1054: =(2/(F$35+1))*(E1054-F1053)+F1053 -> 4042.0707 | G1054: =(2/(G$35+1))*(E1054-G1053)+G1053 -> 4036.9227 | H1054: =F1054-G1054 -> 5.1479744 | I1054: =(F1054-G1054)/G1054*100 -> 0.12752224 | J1054: =AVERAGE(I1046:I1054) -> 0.38374154 | K1054: 0 | P1054: =IF(AND(I1053>J1053,I1054<J1054),E1054,0) -> 0 | Q1054: =IF(AND(I1053<J1053,I1054>J1054),E1054,0) -> 0 | R1054: =IF(AND(P1053=0,P1054<>0),P1054,IF(AND(Q1053=0,Q1054<>0),Q1054,R1053)) -> 4062.75 | S1054: =IF(AND(R1053<>0,R1053<>R1054,P1054<>0),R1054-R1053,IF(AND(R1053<>0,R1053<>R1054,Q1054<>0),R1053-R1054,FALSE)) -> FALSE | T1054: =IF(AND(ISNUMBER(S1054),S1054>0),0,IF(S1054<0,1+T1053,T1053)) -> 0
A1055: ='DRIVERS SEAT'!A1055 -> 0 | B1055: ='DRIVERS SEAT'!B1055 -> 4010.75 | C1055: ='DRIVERS SEAT'!C1055 -> 4010.75 | D1055: ='DRIVERS SEAT'!D1055 -> 4010.75 | E1055: ='DRIVERS SEAT'!E1055 -> 4010.75
A1056: ='DRIVERS SEAT'!A1056 -> 0 | B1056: ='DRIVERS SEAT'!B1056 -> 4010.75 | C1056: ='DRIVERS SEAT'!C1056 -> 4010.75 | D1056: ='DRIVERS SEAT'!D1056 -> 4010.75 | E1056: ='DRIVERS SEAT'!E1056 -> 4010.75
A1057: ='DRIVERS SEAT'!A1057 -> 0 | B1057: ='DRIVERS SEAT'!B1057 -> 4010.75 | C1057: ='DRIVERS SEAT'!C1057 -> 4010.75 | D1057: ='DRIVERS SEAT'!D1057 -> 4010.75 | E1057: ='DRIVERS SEAT'!E1057 -> 4010.75
A1058: ='DRIVERS SEAT'!A1058 -> 0 | B1058: ='DRIVERS SEAT'!B1058 -> 4010.75 | C1058: ='DRIVERS SEAT'!C1058 -> 4010.75 | D1058: ='DRIVERS SEAT'!D1058 -> 4010.75 | E1058: ='DRIVERS SEAT'!E1058 -> 4010.75
A1059: ='DRIVERS SEAT'!A1059 -> 0 | B1059: ='DRIVERS SEAT'!B1059 -> 4010.75 | C1059: ='DRIVERS SEAT'!C1059 -> 4010.75 | D1059: ='DRIVERS SEAT'!D1059 -> 4010.75 | E1059: ='DRIVERS SEAT'!E1059 -> 4010.75
A1060: ='DRIVERS SEAT'!A1060 -> 0 | B1060: ='DRIVERS SEAT'!B1060 -> 4010.75 | C1060: ='DRIVERS SEAT'!C1060 -> 4010.75 | D1060: ='DRIVERS SEAT'!D1060 -> 4010.75 | E1060: ='DRIVERS SEAT'!E1060 -> 4010.75
A1061: ='DRIVERS SEAT'!A1061 -> 0 | B1061: ='DRIVERS SEAT'!B1061 -> 4010.75 | C1061: ='DRIVERS SEAT'!C1061 -> 4010.75 | D1061: ='DRIVERS SEAT'!D1061 -> 4010.75 | E1061: ='DRIVERS SEAT'!E1061 -> 4010.75
A1062: ='DRIVERS SEAT'!A1062 -> 0 | B1062: ='DRIVERS SEAT'!B1062 -> 4010.75 | C1062: ='DRIVERS SEAT'!C1062 -> 4010.75 | D1062: ='DRIVERS SEAT'!D1062 -> 4010.75 | E1062: ='DRIVERS SEAT'!E1062 -> 4010.75
A1063: ='DRIVERS SEAT'!A1063 -> 0 | B1063: ='DRIVERS SEAT'!B1063 -> 4010.75 | C1063: ='DRIVERS SEAT'!C1063 -> 4010.75 | D1063: ='DRIVERS SEAT'!D1063 -> 4010.75 | E1063: ='DRIVERS SEAT'!E1063 -> 4010.75
A1064: ='DRIVERS SEAT'!A1064 -> 20230308 | B1064: ='DRIVERS SEAT'!B1064 -> 4010.75 | C1064: ='DRIVERS SEAT'!C1064 -> 4010.75 | D1064: ='DRIVERS SEAT'!D1064 -> 4010.75 | E1064: ='DRIVERS SEAT'!E1064 -> 4010.75
A1065: ='DRIVERS SEAT'!A1065 -> 0 | B1065: ='DRIVERS SEAT'!B1065 -> 4010.75 | C1065: ='DRIVERS SEAT'!C1065 -> 4010.75 | D1065: ='DRIVERS SEAT'!D1065 -> 4010.75 | E1065: ='DRIVERS SEAT'!E1065 -> 4010.75
A1066: ='DRIVERS SEAT'!A1066 -> 0 | B1066: ='DRIVERS SEAT'!B1066 -> 4010.75 | C1066: ='DRIVERS SEAT'!C1066 -> 4010.75 | D1066: ='DRIVERS SEAT'!D1066 -> 4010.75 | E1066: ='DRIVERS SEAT'!E1066 -> 4010.75
... A1123: ='DRIVERS SEAT'!A1123 -> 0 | B1123: ='DRIVERS SEAT'!B1123 -> 4010.75 | C1123: ='DRIVERS SEAT'!C1123 -> 4010.75 | D1123: ='DRIVERS SEAT'!D1123 -> 4010.75 | E1123: ='DRIVERS SEAT'!E1123 -> 4010.75

Sheet PPO (3)
S1: Gross Profit:
P2: Average Trade: | R2: >1.20 is good. | S2: =SUMIF(S38:S15039,">0")*'DRIVERS SEAT'!$C$1 -> 89000
P3: =S34/S29 -> 304.62329 | R3: sunny harris per-
P4: # Trds to match Start Capital: | R4: formance ratio: | S4: Gross Loss:
P5: =$M$12/P3 -> 82.068578 | R5: =S13*S23 -> 1.2191643 | S5: =SUMIF(S38:S15039,"<0")*'DRIVERS SEAT'!$C$1 -> -55812.5
S6: =S2-ABS(S5) -> 33187.5
S7: Reward/Risk Ratio:
Q8: Edward Thorp & | S8: =S34/S10 -> #NUM!
Q9: Bennett A. McDowell & | S9: MAX DD:
M10: Starting | Q10: Nauzer J. Balsara and | S10: =LARGE(AB38:AB15039,1) -> #NUM!
M11: Equity | Q11: Larry Williams method | R11: my standard method: | S11: Payoff Ratio
M12: 25000 | N12: <--this is adjustable | Q12: of calculating kelly ratio: | R12: kelly ratio: | S12: times PF:
Q13: =(((S15+1)*S23)-1)/S15 -> 0.19410882 | R13: =((S23*S15)-(1-S23))/S15 -> 0.19410882 | S13: =S15*S17 -> 2.3420788
O14: Ed thorp's optimal f | Q14: Full value of Kelly %--> | R14: =$M$12*$R$13 -> 4852.7205 | S14: Payoff(W/L) Ratio:
O15: (((W/L) + 1) *Win% - 1)/(W/L) | Q15: 1/2 of Kelly %---> | R15: =R14/2 -> 2426.3602 | S15: =S21/ABS(S19) -> 1.4687334
O16: =(((S15)+1)*S23-1)/(S15) -> 0.19410882 | Q16: 1/4 of Kelly %---> | R16: =R14/4 -> 1213.1801 | S16: Profit Factor:
S17: =SUMIF(S38:S15039,">0")/ABS(SUMIF(S38:S15039,"<=0")) -> 1.5946249
S18: Average Loss:
L19: using APPT | O19: APPT= | P19: =(S23*S21)-((1-S23)*ABS(S19)) -> 454.62329 | S19: =(SUMIF(S38:S15039,"<0")/S27)*'DRIVERS SEAT'!$C$1 -> -1594.6429
L20: Time to earn (amount) | M20: 4000 | N20: <--this is adjustable | O20: Avg Profitability Per Trade = (Win%* Avg Win) - (Loss% * ABS(Avg Loss)) | S20: Average Win:
L21: ="# trades to earn "&M20 -> # trades to earn 4000 | M21: =ROUNDUP(M20/P19,0) -> 9 | O21: Three Methods of Calculating Expectancy (in green below) | S21: =(SUMIF(S38:S15039,">0")/S25)*'DRIVERS SEAT'!$C$1 -> 2342.1053
O22: =ABS(S21/S19) -> 1.4687334 | P22: Reward/risk | S22: Win Percent:
O23: =S23 -> 0.52054795 | P23: win ratio | S23: =S25/S29 -> 0.52054795
O24: =1-S23 -> 0.47945205 | P24: loss ratio | S24: #Winning Trds:
M25: EXPECTANCY----> | O25: =(O22*O23)-O24 -> 0.28509411 | P25: <--expectancy | S25: =COUNTIF(S38:S15039,">0") -> 38
M26: EXPECTANCY----> | O26: =((S21*S23)+(S19*(1-S23)))/ABS(S19) -> 0.28509411 | P26: <--expectancy | S26: # Losing Trds:
M27: EXPECTANCY-----> | O27: =(1+(S21/ABS(S19)))*S23-1 -> 0.28509411 | P27: <--another formula for expectancy | S27: =COUNTIF(S38:S15039,"<=0") -> 35
S28: Total # of Trds: | U28: RED DOTS = go short
L29: See the following web site for more information….. | S29: =COUNT(S38:S15039) -> 73 | U29: GREEN DOTS=go long
L30: What is Percentage Price Oscillator? (PPO)?
L31: https://www.investopedia.com/terms/p/ppo.asp | T31: Actual
G32: adjustable | S32: Total P/L: | T32: Consecutive
F33: adjustable | H33: PPO based | S33: =SUM(S38:S15039) -> 663.75 | T33: Losses:
H34: MACD | I34: Percentage | K34: Zero | S34: =(S$33*'DRIVERS SEAT'!$C$1)-(S$29*'DRIVERS SEAT'!$C$2) -> 22237.5 | T34: =MAX(T38:T15038,1) -> 6
F35: 12 | G35: 17 | H35: (col F-bar e.m.a. | I35: Price | J35: 9 | K35: Line
F36: Bar | G36: Bar | H36: minus col G bar | I36: Oscillator | J36: period | K36: For | T36: Consecutive
A37: Date | B37: Open | C37: High | D37: Low | E37: Close | F37: e.m.a. | G37: e.m.a. | H37: ema) | I37: PPO | J37: s.m.a. | K37: Chart | T37: Losses:
A38: ='DRIVERS SEAT'!A38 -> 20221101 | B38: ='DRIVERS SEAT'!B38 -> 3921.75 | C38: ='DRIVERS SEAT'!C38 -> 3924.25 | D38: ='DRIVERS SEAT'!D38 -> 3882.25 | E38: ='DRIVERS SEAT'!E38 -> 3883.25 | F38: =E38 -> 3883.25 | G38: =E38 -> 3883.25 | H38: =F38-G38 -> 0 | I38: =(F38-G38)/G38*100 -> 0 | K38: 0 | P38: Crossover | Q38: Crossover | R38: ENTRY | T38: 0
A39: ='DRIVERS SEAT'!A39 -> 0 | B39: ='DRIVERS SEAT'!B39 -> 3883.25 | C39: ='DRIVERS SEAT'!C39 -> 3887 | D39: ='DRIVERS SEAT'!D39 -> 3869.75 | E39: ='DRIVERS SEAT'!E39 -> 3874.5 | F39: =(2/(F$35+1))*(E39-F38)+F38 -> 3881.9038 | G39: =(2/(G$35+1))*(E39-G38)+G38 -> 3882.2778 | H39: =F39-G39 -> -0.37393162 | I39: =(F39-G39)/G39*100 -> -0.0096317586 | J39: s.m.a. | K39: 0 | P39: Short | Q39: Long | R39: SIGNAL | T39: =IF(AND(ISNUMBER(S39),S39>0),0,IF(S39<0,1+T38,T38)) -> 0
A40: ='DRIVERS SEAT'!A40 -> 0 | B40: ='DRIVERS SEAT'!B40 -> 3874.25 | C40: ='DRIVERS SEAT'!C40 -> 3874.25 | D40: ='DRIVERS SEAT'!D40 -> 3855.5 | E40: ='DRIVERS SEAT'!E40 -> 3865 | F40: =(2/(F$35+1))*(E40-F39)+F39 -> 3879.3033 | G40: =(2/(G$35+1))*(E40-G39)+G39 -> 3880.358 | H40: =F40-G40 -> -1.0547703 | I40: =(F40-G40)/G40*100 -> -0.027182292 | J40: for | K40: 0 | R40: long and | T40: =IF(AND(ISNUMBER(S40),S40>0),0,IF(S40<0,1+T39,T39)) -> 0
A41: ='DRIVERS SEAT'!A41 -> 0 | B41: ='DRIVERS SEAT'!B41 -> 3864.75 | C41: ='DRIVERS SEAT'!C41 -> 3868.25 | D41: ='DRIVERS SEAT'!D41 -> 3852.5 | E41: ='DRIVERS SEAT'!E41 -> 3860.25 | F41: =(2/(F$35+1))*(E41-F40)+F40 -> 3876.372 | G41: =(2/(G$35+1))*(E41-G40)+G40 -> 3878.1238 | H41: =F41-G41 -> -1.7518152 | I41: =(F41-G41)/G41*100 -> -0.045171719 | J41: Signal | K41: 0 | R41: short | T41: =IF(AND(ISNUMBER(S41),S41>0),0,IF(S41<0,1+T40,T40)) -> 0
A42: ='DRIVERS SEAT'!A42 -> 0 | B42: ='DRIVERS SEAT'!B42 -> 3860.25 | C42: ='DRIVERS SEAT'!C42 -> 3880.25 | D42: ='DRIVERS SEAT'!D42 -> 3858.5 | E42: ='DRIVERS SEAT'!E42 -> 3865.25 | F42: =(2/(F$35+1))*(E42-F41)+F41 -> 3874.6609 | G42: =(2/(G$35+1))*(E42-G41)+G41 -> 3876.6934 | H42: =F42-G42 -> -2.0324676 | I42: =(F42-G42)/G42*100 -> -0.052427865 | K42: 0 | T42: =IF(AND(ISNUMBER(S42),S42>0),0,IF(S42<0,1+T41,T41)) -> 0
A43: ='DRIVERS SEAT'!A43 -> 0 | B43: ='DRIVERS SEAT'!B43 -> 3865.25 | C43: ='DRIVERS SEAT'!C43 -> 3870 | D43: ='DRIVERS SEAT'!D43 -> 3859.5 | E43: ='DRIVERS SEAT'!E43 -> 3867.5 | F43: =(2/(F$35+1))*(E43-F42)+F42 -> 3873.5592 | G43: =(2/(G$35+1))*(E43-G42)+G42 -> 3875.6719 | H43: =F43-G43 -> -2.1126596 | I43: =(F43-G43)/G43*100 -> -0.054510797 | K43: 0 | P43: =IF(AND(I42>J42,I43<J43),E43,0) -> 0 | Q43: =IF(AND(I42<J42,I43>J43),E43,0) -> 0 | T43: =IF(AND(ISNUMBER(S43),S43>0),0,IF(S43<0,1+T42,T42)) -> 0
A44: ='DRIVERS SEAT'!A44 -> 0 | B44: ='DRIVERS SEAT'!B44 -> 3867.5 | C44: ='DRIVERS SEAT'!C44 -> 3874.5 | D44: ='DRIVERS SEAT'!D44 -> 3862.75 | E44: ='DRIVERS SEAT'!E44 -> 3866 | F44: =(2/(F$35+1))*(E44-F43)+F43 -> 3872.3963 | G44: =(2/(G$35+1))*(E44-G43)+G43 -> 3874.5972 | H44: =F44-G44 -> -2.2009637 | I44: =(F44-G44)/G44*100 -> -0.056804969 | K44: 0 | P44: =IF(AND(I43>J43,I44<J44),E44,0) -> 0 | Q44: =IF(AND(I43<J43,I44>J44),E44,0) -> 0 | T44: =IF(AND(ISNUMBER(S44),S44>0),0,IF(S44<0,1+T43,T43)) -> 0
A45: ='DRIVERS SEAT'!A45 -> 0 | B45: ='DRIVERS SEAT'!B45 -> 3866.25 | C45: ='DRIVERS SEAT'!C45 -> 3872.5 | D45: ='DRIVERS SEAT'!D45 -> 3862.5 | E45: ='DRIVERS SEAT'!E45 -> 3871.25 | F45: =(2/(F$35+1))*(E45-F44)+F44 -> 3872.2199 | G45: =(2/(G$35+1))*(E45-G44)+G44 -> 3874.2253 | H45: =F45-G45 -> -2.0053982 | I45: =(F45-G45)/G45*100 -> -0.051762561 | K45: 0 | P45: =IF(AND(I44>J44,I45<J45),E45,0) -> 0 | Q45: =IF(AND(I44<J44,I45>J45),E45,0) -> 0 | R45: =IF(AND(P44=0,P45<>0),P45,IF(AND(Q44=0,Q45<>0),Q45,R44)) -> 0 | T45: =IF(AND(ISNUMBER(S45),S45>0),0,IF(S45<0,1+T44,T44)) -> 0
A46: ='DRIVERS SEAT'!A46 -> 0 | B46: ='DRIVERS SEAT'!B46 -> 3871 | C46: ='DRIVERS SEAT'!C46 -> 3871.75 | D46: ='DRIVERS SEAT'!D46 -> 3865 | E46: ='DRIVERS SEAT'!E46 -> 3866.5 | F46: =(2/(F$35+1))*(E46-F45)+F45 -> 3871.3399 | G46: =(2/(G$35+1))*(E46-G45)+G45 -> 3873.367 | H46: =F46-G46 -> -2.0270174 | I46: =(F46-G46)/G46*100 -> -0.05233218 | J46: =AVERAGE(I38:I46) -> -0.038869349 | K46: 0 | P46: =IF(AND(I45>J45,I46<J46),E46,0) -> 0 | Q46: =IF(AND(I45<J45,I46>J46),E46,0) -> 0 | R46: =IF(AND(P45=0,P46<>0),P46,IF(AND(Q45=0,Q46<>0),Q46,R45)) -> 0 | S46: =IF(AND(R45<>0,R45<>R46,P46<>0),R46-R45,IF(AND(R45<>0,R45<>R46,Q46<>0),R45-R46,FALSE)) -> FALSE | T46: =IF(AND(ISNUMBER(S46),S46>0),0,IF(S46<0,1+T45,T45)) -> 0
A47: ='DRIVERS SEAT'!A47 -> 0 | B47: ='DRIVERS SEAT'!B47 -> 3866.25 | C47: ='DRIVERS SEAT'!C47 -> 3875.25 | D47: ='DRIVERS SEAT'!D47 -> 3862.5 | E47: ='DRIVERS SEAT'!E47 -> 3872.25 | F47: =(2/(F$35+1))*(E47-F46)+F46 -> 3871.4799 | G47: =(2/(G$35+1))*(E47-G46)+G46 -> 3873.2428 | H47: =F47-G47 -> -1.7629015 | I47: =(F47-G47)/G47*100 -> -0.045514873 | J47: =AVERAGE(I39:I47) -> -0.043926557 | K47: 0 | P47: =IF(AND(I46>J46,I47<J47),E47,0) -> 0 | Q47: =IF(AND(I46<J46,I47>J47),E47,0) -> 0 | R47: =IF(AND(P46=0,P47<>0),P47,IF(AND(Q46=0,Q47<>0),Q47,R46)) -> 0 | S47: =IF(AND(R46<>0,R46<>R47,P47<>0),R47-R46,IF(AND(R46<>0,R46<>R47,Q47<>0),R46-R47,FALSE)) -> FALSE | T47: =IF(AND(ISNUMBER(S47),S47>0),0,IF(S47<0,1+T46,T46)) -> 0
A48: ='DRIVERS SEAT'!A48 -> 0 | B48: ='DRIVERS SEAT'!B48 -> 3872.25 | C48: ='DRIVERS SEAT'!C48 -> 3875.25 | D48: ='DRIVERS SEAT'!D48 -> 3866.25 | E48: ='DRIVERS SEAT'!E48 -> 3870.25 | F48: =(2/(F$35+1))*(E48-F47)+F47 -> 3871.2907 | G48: =(2/(G$35+1))*(E48-G47)+G47 -> 3872.9103 | H48: =F48-G48 -> -1.6195854 | I48: =(F48-G48)/G48*100 -> -0.041818303 | J48: =AVERAGE(I40:I48) -> -0.04750284 | K48: 0 | P48: =IF(AND(I47>J47,I48<J48),E48,0) -> 0 | Q48: =IF(AND(I47<J47,I48>J48),E48,0) -> 3870.25 | R48: =IF(AND(P47=0,P48<>0),P48,IF(AND(Q47=0,Q48<>0),Q48,R47)) -> 3870.25 | S48: =IF(AND(R47<>0,R47<>R48,P48<>0),R48-R47,IF(AND(R47<>0,R47<>R48,Q48<>0),R47-R48,FALSE)) -> FALSE | T48: =IF(AND(ISNUMBER(S48),S48>0),0,IF(S48<0,1+T47,T47)) -> 0
A49: ='DRIVERS SEAT'!A49 -> 0 | B49: ='DRIVERS SEAT'!B49 -> 3870.25 | C49: ='DRIVERS SEAT'!C49 -> 3871.5 | D49: ='DRIVERS SEAT'!D49 -> 3856 | E49: ='DRIVERS SEAT'!E49 -> 3857.5 | F49: =(2/(F$35+1))*(E49-F48)+F48 -> 3869.1691 | G49: =(2/(G$35+1))*(E49-G48)+G48 -> 3871.1981 | H49: =F49-G49 -> -2.0289785 | I49: =(F49-G49)/G49*100 -> -0.052412161 | J49: =AVERAGE(I41:I49) -> -0.050306158 | K49: 0 | P49: =IF(AND(I48>J48,I49<J49),E49,0) -> 3857.5 | Q49: =IF(AND(I48<J48,I49>J49),E49,0) -> 0 | R49: =IF(AND(P48=0,P49<>0),P49,IF(AND(Q48=0,Q49<>0),Q49,R48)) -> 3857.5 | S49: =IF(AND(R48<>0,R48<>R49,P49<>0),R49-R48,IF(AND(R48<>0,R48<>R49,Q49<>0),R48-R49,FALSE)) -> -12.75 | T49: =IF(AND(ISNUMBER(S49),S49>0),0,IF(S49<0,1+T48,T48)) -> 1
A50: ='DRIVERS SEAT'!A50 -> 20221102 | B50: ='DRIVERS SEAT'!B50 -> 3858.5 | C50: ='DRIVERS SEAT'!C50 -> 3860.25 | D50: ='DRIVERS SEAT'!D50 -> 3842.75 | E50: ='DRIVERS SEAT'!E50 -> 3847.75 | F50: =(2/(F$35+1))*(E50-F49)+F49 -> 3865.8738 | G50: =(2/(G$35+1))*(E50-G49)+G49 -> 3868.5927 | H50: =F50-G50 -> -2.7188815 | I50: =(F50-G50)/G50*100 -> -0.070280893 | J50: =AVERAGE(I42:I50) -> -0.053096067 | K50: 0 | P50: =IF(AND(I49>J49,I50<J50),E50,0) -> 0 | Q50: =IF(AND(I49<J49,I50>J50),E50,0) -> 0 | R50: =IF(AND(P49=0,P50<>0),P50,IF(AND(Q49=0,Q50<>0),Q50,R49)) -> 3857.5 | S50: =IF(AND(R49<>0,R49<>R50,P50<>0),R50-R49,IF(AND(R49<>0,R49<>R50,Q50<>0),R49-R50,FALSE)) -> FALSE | T50: =IF(AND(ISNUMBER(S50),S50>0),0,IF(S50<0,1+T49,T49)) -> 1
A51: ='DRIVERS SEAT'!A51 -> 0 | B51: ='DRIVERS SEAT'!B51 -> 3847.75 | C51: ='DRIVERS SEAT'!C51 -> 3850 | D51: ='DRIVERS SEAT'!D51 -> 3840.25 | E51: ='DRIVERS SEAT'!E51 -> 3844 | F51: =(2/(F$35+1))*(E51-F50)+F50 -> 3862.5086 | G51: =(2/(G$35+1))*(E51-G50)+G50 -> 3865.8602 | H51: =F51-G51 -> -3.3515626 | I51: =(F51-G51)/G51*100 -> -0.086696427 | J51: =AVERAGE(I43:I51) -> -0.056903685 | K51: 0 | P51: =IF(AND(I50>J50,I51<J51),E51,0) -> 0 | Q51: =IF(AND(I50<J50,I51>J51),E51,0) -> 0 | R51: =IF(AND(P50=0,P51<>0),P51,IF(AND(Q50=0,Q51<>0),Q51,R50)) -> 3857.5 | S51: =IF(AND(R50<>0,R50<>R51,P51<>0),R51-R50,IF(AND(R50<>0,R50<>R51,Q51<>0),R50-R51,FALSE)) -> FALSE | T51: =IF(AND(ISNUMBER(S51),S51>0),0,IF(S51<0,1+T50,T50)) -> 1
A52: ='DRIVERS SEAT'!A52 -> 0 | B52: ='DRIVERS SEAT'!B52 -> 3844.25 | C52: ='DRIVERS SEAT'!C52 -> 3850.5 | D52: ='DRIVERS SEAT'!D52 -> 3841.5 | E52: ='DRIVERS SEAT'!E52 -> 3843.75 | F52: =(2/(F$35+1))*(E52-F51)+F51 -> 3859.6227 | G52: =(2/(G$35+1))*(E52-G51)+G51 -> 3863.4035 | H52: =F52-G52 -> -3.7808175 | I52: =(F52-G52)/G52*100 -> -0.097862351 | J52: =AVERAGE(I44:I52) -> -0.061720524 | K52: 0 | P52: =IF(AND(I51>J51,I52<J52),E52,0) -> 0 | Q52: =IF(AND(I51<J51,I52>J52),E52,0) -> 0 | R52: =IF(AND(P51=0,P52<>0),P52,IF(AND(Q51=0,Q52<>0),Q52,R51)) -> 3857.5 | S52: =IF(AND(R51<>0,R51<>R52,P52<>0),R52-R51,IF(AND(R51<>0,R51<>R52,Q52<>0),R51-R52,FALSE)) -> FALSE | T52: =IF(AND(ISNUMBER(S52),S52>0),0,IF(S52<0,1+T51,T51)) -> 1
A53: ='DRIVERS SEAT'!A53 -> 0 | B53: ='DRIVERS SEAT'!B53 -> 3843.75 | C53: ='DRIVERS SEAT'!C53 -> 3850.5 | D53: ='DRIVERS SEAT'!D53 -> 3841.75 | E53: ='DRIVERS SEAT'!E53 -> 3849.5 | F53: =(2/(F$35+1))*(E53-F52)+F52 -> 3858.0653 | G53: =(2/(G$35+1))*(E53-G52)+G52 -> 3861.8587 | H53: =F53-G53 -> -3.79332 | I53: =(F53-G53)/G53*100 -> -0.098225241 | J53: =AVERAGE(I45:I53) -> -0.066322776 | K53: 0 | P53: =IF(AND(I52>J52,I53<J53),E53,0) -> 0 | Q53: =IF(AND(I52<J52,I53>J53),E53,0) -> 0 | R53: =IF(AND(P52=0,P53<>0),P53,IF(AND(Q52=0,Q53<>0),Q53,R52)) -> 3857.5 | S53: =IF(AND(R52<>0,R52<>R53,P53<>0),R53-R52,IF(AND(R52<>0,R52<>R53,Q53<>0),R52-R53,FALSE)) -> FALSE | T53: =IF(AND(ISNUMBER(S53),S53>0),0,IF(S53<0,1+T52,T52)) -> 1
A54: ='DRIVERS SEAT'!A54 -> 0 | B54: ='DRIVERS SEAT'!B54 -> 3849.5 | C54: ='DRIVERS SEAT'!C54 -> 3850.25 | D54: ='DRIVERS SEAT'!D54 -> 3837.25 | E54: ='DRIVERS SEAT'!E54 -> 3838.25 | F54: =(2/(F$35+1))*(E54-F53)+F53 -> 3855.0168 | G54: =(2/(G$35+1))*(E54-G53)+G53 -> 3859.2355 | H54: =F54-G54 -> -4.2186497 | I54: =(F54-G54)/G54*100 -> -0.10931309 | J54: =AVERAGE(I46:I54) -> -0.07271728 | K54: 0 | P54: =IF(AND(I53>J53,I54<J54),E54,0) -> 0 | Q54: =IF(AND(I53<J53,I54>J54),E54,0) -> 0 | R54: =IF(AND(P53=0,P54<>0),P54,IF(AND(Q53=0,Q54<>0),Q54,R53)) -> 3857.5 | S54: =IF(AND(R53<>0,R53<>R54,P54<>0),R54-R53,IF(AND(R53<>0,R53<>R54,Q54<>0),R53-R54,FALSE)) -> FALSE | T54: =IF(AND(ISNUMBER(S54),S54>0),0,IF(S54<0,1+T53,T53)) -> 1
A55: ='DRIVERS SEAT'!A55 -> 0 | B55: ='DRIVERS SEAT'!B55 -> 3838.5 | C55: ='DRIVERS SEAT'!C55 -> 3846.25 | D55: ='DRIVERS SEAT'!D55 -> 3833 | E55: ='DRIVERS SEAT'!E55 -> 3844 | F55: =(2/(F$35+1))*(E55-F54)+F54 -> 3853.3219 | G55: =(2/(G$35+1))*(E55-G54)+G54 -> 3857.5427 | H55: =F55-G55 -> -4.2207157 | I55: =(F55-G55)/G55*100 -> -0.10941462 | J55: =AVERAGE(I47:I55) -> -0.079059774 | K55: 0 | P55: =IF(AND(I54>J54,I55<J55),E55,0) -> 0 | Q55: =IF(AND(I54<J54,I55>J55),E55,0) -> 0 | R55: =IF(AND(P54=0,P55<>0),P55,IF(AND(Q54=0,Q55<>0),Q55,R54)) -> 3857.5 | S55: =IF(AND(R54<>0,R54<>R55,P55<>0),R55-R54,IF(AND(R54<>0,R54<>R55,Q55<>0),R54-R55,FALSE)) -> FALSE | T55: =IF(AND(ISNUMBER(S55),S55>0),0,IF(S55<0,1+T54,T54)) -> 1
A56: ='DRIVERS SEAT'!A56 -> 0 | B56: ='DRIVERS SEAT'!B56 -> 3844 | C56: ='DRIVERS SEAT'!C56 -> 3844.25 | D56: ='DRIVERS SEAT'!D56 -> 3839 | E56: ='DRIVERS SEAT'!E56 -> 3841.75 | F56: =(2/(F$35+1))*(E56-F55)+F55 -> 3851.5416 | G56: =(2/(G$35+1))*(E56-G55)+G55 -> 3855.7879 | H56: =F56-G56 -> -4.2462744 | I56: =(F56-G56)/G56*100 -> -0.11012728 | J56: =AVERAGE(I48:I56) -> -0.08623893 | K56: 0 | P56: =IF(AND(I55>J55,I56<J56),E56,0) -> 0 | Q56: =IF(AND(I55<J55,I56>J56),E56,0) -> 0 | R56: =IF(AND(P55=0,P56<>0),P56,IF(AND(Q55=0,Q56<>0),Q56,R55)) -> 3857.5 | S56: =IF(AND(R55<>0,R55<>R56,P56<>0),R56-R55,IF(AND(R55<>0,R55<>R56,Q56<>0),R55-R56,FALSE)) -> FALSE | T56: =IF(AND(ISNUMBER(S56),S56>0),0,IF(S56<0,1+T55,T55)) -> 1
A57: ='DRIVERS SEAT'!A57 -> 0 | B57: ='DRIVERS SEAT'!B57 -> 3841.75 | C57: ='DRIVERS SEAT'!C57 -> 3899.5 | D57: ='DRIVERS SEAT'!D57 -> 3839.5 | E57: ='DRIVERS SEAT'!E57 -> 3889 | F57: =(2/(F$35+1))*(E57-F56)+F56 -> 3857.3045 | G57: =(2/(G$35+1))*(E57-G56)+G56 -> 3859.4781 | H57: =F57-G57 -> -2.1736814 | I57: =(F57-G57)/G57*100 -> -0.056320605 | J57: =AVERAGE(I49:I57) -> -0.087850297 | K57: 0 | P57: =IF(AND(I56>J56,I57<J57),E57,0) -> 0 | Q57: =IF(AND(I56<J56,I57>J57),E57,0) -> 3889 | R57: =IF(AND(P56=0,P57<>0),P57,IF(AND(Q56=0,Q57<>0),Q57,R56)) -> 3889 | S57: =IF(AND(R56<>0,R56<>R57,P57<>0),R57-R56,IF(AND(R56<>0,R56<>R57,Q57<>0),R56-R57,FALSE)) -> -31.5 | T57: =IF(AND(ISNUMBER(S57),S57>0),0,IF(S57<0,1+T56,T56)) -> 2
... A1054: ='DRIVERS SEAT'!A1054 -> 0 | B1054: ='DRIVERS SEAT'!B1054 -> 4030 | C1054: ='DRIVERS SEAT'!C1054 -> 4031 | D1054: ='DRIVERS SEAT'!D1054 -> 4009 | E1054: ='DRIVERS SEAT'!E1054 -> 4010.75 | F1054: =(2/(F$35+1))*(E1054-F1053)+F1053 -> 4042.0707 | G1054: =(2/(G$35+1))*(E1054-G1053)+G1053 -> 4042.2763 | H1054: =F1054-G1054 -> -0.20562557 | I1054: =(F1054-G1054)/G1054*100 -> -0.0050868757 | J1054: =AVERAGE(I1046:I1054) -> 0.12374 | K1054: 0 | P1054: =IF(AND(I1053>J1053,I1054<J1054),E1054,0) -> 0 | Q1054: =IF(AND(I1053<J1053,I1054>J1054),E1054,0) -> 0 | R1054: =IF(AND(P1053=0,P1054<>0),P1054,IF(AND(Q1053=0,Q1054<>0),Q1054,R1053)) -> 4066 | S1054: =IF(AND(R1053<>0,R1053<>R1054,P1054<>0),R1054-R1053,IF(AND(R1053<>0,R1053<>R1054,Q1054<>0),R1053-R1054,FALSE)) -> FALSE | T1054: =IF(AND(ISNUMBER(S1054),S1054>0),0,IF(S1054<0,1+T1053,T1053)) -> 0
A1055: ='DRIVERS SEAT'!A1055 -> 0 | B1055: ='DRIVERS SEAT'!B1055 -> 4010.75 | C1055: ='DRIVERS SEAT'!C1055 -> 4010.75 | D1055: ='DRIVERS SEAT'!D1055 -> 4010.75 | E1055: ='DRIVERS SEAT'!E1055 -> 4010.75
A1056: ='DRIVERS SEAT'!A1056 -> 0 | B1056: ='DRIVERS SEAT'!B1056 -> 4010.75 | C1056: ='DRIVERS SEAT'!C1056 -> 4010.75 | D1056: ='DRIVERS SEAT'!D1056 -> 4010.75 | E1056: ='DRIVERS SEAT'!E1056 -> 4010.75
A1057: ='DRIVERS SEAT'!A1057 -> 0 | B1057: ='DRIVERS SEAT'!B1057 -> 4010.75 | C1057: ='DRIVERS SEAT'!C1057 -> 4010.75 | D1057: ='DRIVERS SEAT'!D1057 -> 4010.75 | E1057: ='DRIVERS SEAT'!E1057 -> 4010.75
A1058: ='DRIVERS SEAT'!A1058 -> 0 | B1058: ='DRIVERS SEAT'!B1058 -> 4010.75 | C1058: ='DRIVERS SEAT'!C1058 -> 4010.75 | D1058: ='DRIVERS SEAT'!D1058 -> 4010.75 | E1058: ='DRIVERS SEAT'!E1058 -> 4010.75
A1059: ='DRIVERS SEAT'!A1059 -> 0 | B1059: ='DRIVERS SEAT'!B1059 -> 4010.75 | C1059: ='DRIVERS SEAT'!C1059 -> 4010.75 | D1059: ='DRIVERS SEAT'!D1059 -> 4010.75 | E1059: ='DRIVERS SEAT'!E1059 -> 4010.75
A1060: ='DRIVERS SEAT'!A1060 -> 0 | B1060: ='DRIVERS SEAT'!B1060 -> 4010.75 | C1060: ='DRIVERS SEAT'!C1060 -> 4010.75 | D1060: ='DRIVERS SEAT'!D1060 -> 4010.75 | E1060: ='DRIVERS SEAT'!E1060 -> 4010.75
A1061: ='DRIVERS SEAT'!A1061 -> 0 | B1061: ='DRIVERS SEAT'!B1061 -> 4010.75 | C1061: ='DRIVERS SEAT'!C1061 -> 4010.75 | D1061: ='DRIVERS SEAT'!D1061 -> 4010.75 | E1061: ='DRIVERS SEAT'!E1061 -> 4010.75
A1062: ='DRIVERS SEAT'!A1062 -> 0 | B1062: ='DRIVERS SEAT'!B1062 -> 4010.75 | C1062: ='DRIVERS SEAT'!C1062 -> 4010.75 | D1062: ='DRIVERS SEAT'!D1062 -> 4010.75 | E1062: ='DRIVERS SEAT'!E1062 -> 4010.75
A1063: ='DRIVERS SEAT'!A1063 -> 0 | B1063: ='DRIVERS SEAT'!B1063 -> 4010.75 | C1063: ='DRIVERS SEAT'!C1063 -> 4010.75 | D1063: ='DRIVERS SEAT'!D1063 -> 4010.75 | E1063: ='DRIVERS SEAT'!E1063 -> 4010.75
A1064: ='DRIVERS SEAT'!A1064 -> 20230308 | B1064: ='DRIVERS SEAT'!B1064 -> 4010.75 | C1064: ='DRIVERS SEAT'!C1064 -> 4010.75 | D1064: ='DRIVERS SEAT'!D1064 -> 4010.75 | E1064: ='DRIVERS SEAT'!E1064 -> 4010.75
A1065: ='DRIVERS SEAT'!A1065 -> 0 | B1065: ='DRIVERS SEAT'!B1065 -> 4010.75 | C1065: ='DRIVERS SEAT'!C1065 -> 4010.75 | D1065: ='DRIVERS SEAT'!D1065 -> 4010.75 | E1065: ='DRIVERS SEAT'!E1065 -> 4010.75
A1066: ='DRIVERS SEAT'!A1066 -> 0 | B1066: ='DRIVERS SEAT'!B1066 -> 4010.75 | C1066: ='DRIVERS SEAT'!C1066 -> 4010.75 | D1066: ='DRIVERS SEAT'!D1066 -> 4010.75 | E1066: ='DRIVERS SEAT'!E1066 -> 4010.75
... A1123: ='DRIVERS SEAT'!A1123 -> 0 | B1123: ='DRIVERS SEAT'!B1123 -> 4010.75 | C1123: ='DRIVERS SEAT'!C1123 -> 4010.75 | D1123: ='DRIVERS SEAT'!D1123 -> 4010.75 | E1123: ='DRIVERS SEAT'!E1123 -> 4010.75

Sheet PPO (4)
S1: Gross Profit:
P2: Average Trade: | R2: >1.20 is good. | S2: =SUMIF(S38:S15039,">0")*'DRIVERS SEAT'!$C$1 -> 86412.5
P3: =S34/S29 -> 105.21978 | R3: sunny harris per-
P4: # Trds to match Start Capital: | R4: formance ratio: | S4: Gross Loss:
P5: =$M$12/P3 -> 237.59791 | R5: =S13*S23 -> 1.1714514 | S5: =SUMIF(S38:S15039,"<0")*'DRIVERS SEAT'!$C$1 -> -63187.5
S6: =S2-ABS(S5) -> 23225
S7: Reward/Risk Ratio:
Q8: Edward Thorp & | S8: =S34/S10 -> #NUM!
Q9: Bennett A. McDowell & | S9: MAX DD:
M10: Starting | Q10: Nauzer J. Balsara and | S10: =LARGE(AB38:AB15039,1) -> #NUM!
M11: Equity | Q11: Larry Williams method | R11: my standard method: | S11: Payoff Ratio
M12: 25000 | N12: <--this is adjustable | Q12: of calculating kelly ratio: | R12: kelly ratio: | S12: times PF:
Q13: =(((S15+1)*S23)-1)/S15 -> 0.10041918 | R13: =((S23*S15)-(1-S23))/S15 -> 0.10041918 | S13: =S15*S17 -> 3.1353551
O14: Ed thorp's optimal f | Q14: Full value of Kelly %--> | R14: =$M$12*$R$13 -> 2510.4795 | S14: Payoff(W/L) Ratio:
O15: (((W/L) + 1) *Win% - 1)/(W/L) | Q15: 1/2 of Kelly %---> | R15: =R14/2 -> 1255.2398 | S15: =S21/ABS(S19) -> 2.2926689
O16: =(((S15)+1)*S23-1)/(S15) -> 0.10041918 | Q16: 1/4 of Kelly %---> | R16: =R14/4 -> 627.61988 | S16: Profit Factor:
S17: =SUMIF(S38:S15039,">0")/ABS(SUMIF(S38:S15039,"<=0")) -> 1.3675569
S18: Average Loss:
L19: using APPT | O19: APPT= | P19: =(S23*S21)-((1-S23)*ABS(S19)) -> 255.21978 | S19: =(SUMIF(S38:S15039,"<0")/S27)*'DRIVERS SEAT'!$C$1 -> -1108.5526
L20: Time to earn (amount) | M20: 4000 | N20: <--this is adjustable | O20: Avg Profitability Per Trade = (Win%* Avg Win) - (Loss% * ABS(Avg Loss)) | S20: Average Win:
L21: ="# trades to earn "&M20 -> # trades to earn 4000 | M21: =ROUNDUP(M20/P19,0) -> 16 | O21: Three Methods of Calculating Expectancy (in green below) | S21: =(SUMIF(S38:S15039,">0")/S25)*'DRIVERS SEAT'!$C$1 -> 2541.5441
O22: =ABS(S21/S19) -> 2.2926689 | P22: Reward/risk | S22: Win Percent:
O23: =S23 -> 0.37362637 | P23: win ratio | S23: =S25/S29 -> 0.37362637
O24: =1-S23 -> 0.62637363 | P24: loss ratio | S24: #Winning Trds:
M25: EXPECTANCY----> | O25: =(O22*O23)-O24 -> 0.23022793 | P25: <--expectancy | S25: =COUNTIF(S38:S15039,">0") -> 34
M26: EXPECTANCY----> | O26: =((S21*S23)+(S19*(1-S23)))/ABS(S19) -> 0.23022793 | P26: <--expectancy | S26: # Losing Trds:
M27: EXPECTANCY-----> | O27: =(1+(S21/ABS(S19)))*S23-1 -> 0.23022793 | P27: <--another formula for expectancy | S27: =COUNTIF(S38:S15039,"<=0") -> 57
S28: Total # of Trds: | U28: RED DOTS = go short
L29: See the following web site for more information….. | S29: =COUNT(S38:S15039) -> 91 | U29: GREEN DOTS=go long
L30: What is Percentage Price Oscillator? (PPO)?
L31: https://www.investopedia.com/terms/p/ppo.asp | T31: Actual
G32: adjustable | S32: Total P/L: | T32: Consecutive
F33: adjustable | H33: PPO based | S33: =SUM(S38:S15039) -> 464.5 | T33: Losses:
H34: MACD | I34: Percentage | K34: Zero | S34: =(S$33*'DRIVERS SEAT'!$C$1)-(S$29*'DRIVERS SEAT'!$C$2) -> 9575 | T34: =MAX(T38:T15038,1) -> 11
F35: 5 | G35: 52 | H35: (col F-bar e.m.a. | I35: Price | J35: 9 | K35: Line
F36: Bar | G36: Bar | H36: minus col G bar | I36: Oscillator | J36: period | K36: For | T36: Consecutive
A37: Date | B37: Open | C37: High | D37: Low | E37: Close | F37: e.m.a. | G37: e.m.a. | H37: ema) | I37: PPO | J37: s.m.a. | K37: Chart | T37: Losses:
A38: ='DRIVERS SEAT'!A38 -> 20221101 | B38: ='DRIVERS SEAT'!B38 -> 3921.75 | C38: ='DRIVERS SEAT'!C38 -> 3924.25 | D38: ='DRIVERS SEAT'!D38 -> 3882.25 | E38: ='DRIVERS SEAT'!E38 -> 3883.25 | F38: =E38 -> 3883.25 | G38: =E38 -> 3883.25 | H38: =F38-G38 -> 0 | I38: =(F38-G38)/G38*100 -> 0 | K38: 0 | P38: Crossover | Q38: Crossover | R38: ENTRY | T38: 0
A39: ='DRIVERS SEAT'!A39 -> 0 | B39: ='DRIVERS SEAT'!B39 -> 3883.25 | C39: ='DRIVERS SEAT'!C39 -> 3887 | D39: ='DRIVERS SEAT'!D39 -> 3869.75 | E39: ='DRIVERS SEAT'!E39 -> 3874.5 | F39: =(2/(F$35+1))*(E39-F38)+F38 -> 3880.3333 | G39: =(2/(G$35+1))*(E39-G38)+G38 -> 3882.9198 | H39: =F39-G39 -> -2.586478 | I39: =(F39-G39)/G39*100 -> -0.066611677 | J39: s.m.a. | K39: 0 | P39: Short | Q39: Long | R39: SIGNAL | T39: =IF(AND(ISNUMBER(S39),S39>0),0,IF(S39<0,1+T38,T38)) -> 0
A40: ='DRIVERS SEAT'!A40 -> 0 | B40: ='DRIVERS SEAT'!B40 -> 3874.25 | C40: ='DRIVERS SEAT'!C40 -> 3874.25 | D40: ='DRIVERS SEAT'!D40 -> 3855.5 | E40: ='DRIVERS SEAT'!E40 -> 3865 | F40: =(2/(F$35+1))*(E40-F39)+F39 -> 3875.2222 | G40: =(2/(G$35+1))*(E40-G39)+G39 -> 3882.2436 | H40: =F40-G40 -> -7.0213698 | I40: =(F40-G40)/G40*100 -> -0.18085856 | J40: for | K40: 0 | R40: long and | T40: =IF(AND(ISNUMBER(S40),S40>0),0,IF(S40<0,1+T39,T39)) -> 0
A41: ='DRIVERS SEAT'!A41 -> 0 | B41: ='DRIVERS SEAT'!B41 -> 3864.75 | C41: ='DRIVERS SEAT'!C41 -> 3868.25 | D41: ='DRIVERS SEAT'!D41 -> 3852.5 | E41: ='DRIVERS SEAT'!E41 -> 3860.25 | F41: =(2/(F$35+1))*(E41-F40)+F40 -> 3870.2315 | G41: =(2/(G$35+1))*(E41-G40)+G40 -> 3881.4136 | H41: =F41-G41 -> -11.182164 | I41: =(F41-G41)/G41*100 -> -0.28809513 | J41: Signal | K41: 0 | R41: short | T41: =IF(AND(ISNUMBER(S41),S41>0),0,IF(S41<0,1+T40,T40)) -> 0
A42: ='DRIVERS SEAT'!A42 -> 0 | B42: ='DRIVERS SEAT'!B42 -> 3860.25 | C42: ='DRIVERS SEAT'!C42 -> 3880.25 | D42: ='DRIVERS SEAT'!D42 -> 3858.5 | E42: ='DRIVERS SEAT'!E42 -> 3865.25 | F42: =(2/(F$35+1))*(E42-F41)+F41 -> 3868.571 | G42: =(2/(G$35+1))*(E42-G41)+G41 -> 3880.8037 | H42: =F42-G42 -> -12.232709 | I42: =(F42-G42)/G42*100 -> -0.3152107 | K42: 0 | T42: =IF(AND(ISNUMBER(S42),S42>0),0,IF(S42<0,1+T41,T41)) -> 0
A43: ='DRIVERS SEAT'!A43 -> 0 | B43: ='DRIVERS SEAT'!B43 -> 3865.25 | C43: ='DRIVERS SEAT'!C43 -> 3870 | D43: ='DRIVERS SEAT'!D43 -> 3859.5 | E43: ='DRIVERS SEAT'!E43 -> 3867.5 | F43: =(2/(F$35+1))*(E43-F42)+F42 -> 3868.214 | G43: =(2/(G$35+1))*(E43-G42)+G42 -> 3880.3017 | H43: =F43-G43 -> -12.087678 | I43: =(F43-G43)/G43*100 -> -0.31151388 | K43: 0 | P43: =IF(AND(I42>J42,I43<J43),E43,0) -> 0 | Q43: =IF(AND(I42<J42,I43>J43),E43,0) -> 0 | T43: =IF(AND(ISNUMBER(S43),S43>0),0,IF(S43<0,1+T42,T42)) -> 0
A44: ='DRIVERS SEAT'!A44 -> 0 | B44: ='DRIVERS SEAT'!B44 -> 3867.5 | C44: ='DRIVERS SEAT'!C44 -> 3874.5 | D44: ='DRIVERS SEAT'!D44 -> 3862.75 | E44: ='DRIVERS SEAT'!E44 -> 3866 | F44: =(2/(F$35+1))*(E44-F43)+F43 -> 3867.476 | G44: =(2/(G$35+1))*(E44-G43)+G43 -> 3879.762 | H44: =F44-G44 -> -12.28599 | I44: =(F44-G44)/G44*100 -> -0.31666865 | K44: 0 | P44: =IF(AND(I43>J43,I44<J44),E44,0) -> 0 | Q44: =IF(AND(I43<J43,I44>J44),E44,0) -> 0 | T44: =IF(AND(ISNUMBER(S44),S44>0),0,IF(S44<0,1+T43,T43)) -> 0
A45: ='DRIVERS SEAT'!A45 -> 0 | B45: ='DRIVERS SEAT'!B45 -> 3866.25 | C45: ='DRIVERS SEAT'!C45 -> 3872.5 | D45: ='DRIVERS SEAT'!D45 -> 3862.5 | E45: ='DRIVERS SEAT'!E45 -> 3871.25 | F45: =(2/(F$35+1))*(E45-F44)+F44 -> 3868.734 | G45: =(2/(G$35+1))*(E45-G44)+G44 -> 3879.4408 | H45: =F45-G45 -> -10.706781 | I45: =(F45-G45)/G45*100 -> -0.27598774 | K45: 0 | P45: =IF(AND(I44>J44,I45<J45),E45,0) -> 0 | Q45: =IF(AND(I44<J44,I45>J45),E45,0) -> 0 | R45: =IF(AND(P44=0,P45<>0),P45,IF(AND(Q44=0,Q45<>0),Q45,R44)) -> 0 | T45: =IF(AND(ISNUMBER(S45),S45>0),0,IF(S45<0,1+T44,T44)) -> 0
A46: ='DRIVERS SEAT'!A46 -> 0 | B46: ='DRIVERS SEAT'!B46 -> 3871 | C46: ='DRIVERS SEAT'!C46 -> 3871.75 | D46: ='DRIVERS SEAT'!D46 -> 3865 | E46: ='DRIVERS SEAT'!E46 -> 3866.5 | F46: =(2/(F$35+1))*(E46-F45)+F45 -> 3867.9893 | G46: =(2/(G$35+1))*(E46-G45)+G45 -> 3878.9524 | H46: =F46-G46 -> -10.963115 | I46: =(F46-G46)/G46*100 -> -0.28263082 | J46: =AVERAGE(I38:I46) -> -0.22639746 | K46: 0 | P46: =IF(AND(I45>J45,I46<J46),E46,0) -> 0 | Q46: =IF(AND(I45<J45,I46>J46),E46,0) -> 0 | R46: =IF(AND(P45=0,P46<>0),P46,IF(AND(Q45=0,Q46<>0),Q46,R45)) -> 0 | S46: =IF(AND(R45<>0,R45<>R46,P46<>0),R46-R45,IF(AND(R45<>0,R45<>R46,Q46<>0),R45-R46,FALSE)) -> FALSE | T46: =IF(AND(ISNUMBER(S46),S46>0),0,IF(S46<0,1+T45,T45)) -> 0
A47: ='DRIVERS SEAT'!A47 -> 0 | B47: ='DRIVERS SEAT'!B47 -> 3866.25 | C47: ='DRIVERS SEAT'!C47 -> 3875.25 | D47: ='DRIVERS SEAT'!D47 -> 3862.5 | E47: ='DRIVERS SEAT'!E47 -> 3872.25 | F47: =(2/(F$35+1))*(E47-F46)+F46 -> 3869.4096 | G47: =(2/(G$35+1))*(E47-G46)+G46 -> 3878.6995 | H47: =F47-G47 -> -9.2899697 | I47: =(F47-G47)/G47*100 -> -0.23951249 | J47: =AVERAGE(I39:I47) -> -0.25300996 | K47: 0 | P47: =IF(AND(I46>J46,I47<J47),E47,0) -> 0 | Q47: =IF(AND(I46<J46,I47>J47),E47,0) -> 3872.25 | R47: =IF(AND(P46=0,P47<>0),P47,IF(AND(Q46=0,Q47<>0),Q47,R46)) -> 3872.25 | S47: =IF(AND(R46<>0,R46<>R47,P47<>0),R47-R46,IF(AND(R46<>0,R46<>R47,Q47<>0),R46-R47,FALSE)) -> FALSE | T47: =IF(AND(ISNUMBER(S47),S47>0),0,IF(S47<0,1+T46,T46)) -> 0
A48: ='DRIVERS SEAT'!A48 -> 0 | B48: ='DRIVERS SEAT'!B48 -> 3872.25 | C48: ='DRIVERS SEAT'!C48 -> 3875.25 | D48: ='DRIVERS SEAT'!D48 -> 3866.25 | E48: ='DRIVERS SEAT'!E48 -> 3870.25 | F48: =(2/(F$35+1))*(E48-F47)+F47 -> 3869.6897 | G48: =(2/(G$35+1))*(E48-G47)+G47 -> 3878.3807 | H48: =F48-G48 -> -8.6909711 | I48: =(F48-G48)/G48*100 -> -0.22408762 | J48: =AVERAGE(I40:I48) -> -0.27050729 | K48: 0 | P48: =IF(AND(I47>J47,I48<J48),E48,0) -> 0 | Q48: =IF(AND(I47<J47,I48>J48),E48,0) -> 0 | R48: =IF(AND(P47=0,P48<>0),P48,IF(AND(Q47=0,Q48<>0),Q48,R47)) -> 3872.25 | S48: =IF(AND(R47<>0,R47<>R48,P48<>0),R48-R47,IF(AND(R47<>0,R47<>R48,Q48<>0),R47-R48,FALSE)) -> FALSE | T48: =IF(AND(ISNUMBER(S48),S48>0),0,IF(S48<0,1+T47,T47)) -> 0
A49: ='DRIVERS SEAT'!A49 -> 0 | B49: ='DRIVERS SEAT'!B49 -> 3870.25 | C49: ='DRIVERS SEAT'!C49 -> 3871.5 | D49: ='DRIVERS SEAT'!D49 -> 3856 | E49: ='DRIVERS SEAT'!E49 -> 3857.5 | F49: =(2/(F$35+1))*(E49-F48)+F48 -> 3865.6265 | G49: =(2/(G$35+1))*(E49-G48)+G48 -> 3877.5927 | H49: =F49-G49 -> -11.966255 | I49: =(F49-G49)/G49*100 -> -0.30860011 | J49: =AVERAGE(I41:I49) -> -0.28470079 | K49: 0 | P49: =IF(AND(I48>J48,I49<J49),E49,0) -> 3857.5 | Q49: =IF(AND(I48<J48,I49>J49),E49,0) -> 0 | R49: =IF(AND(P48=0,P49<>0),P49,IF(AND(Q48=0,Q49<>0),Q49,R48)) -> 3857.5 | S49: =IF(AND(R48<>0,R48<>R49,P49<>0),R49-R48,IF(AND(R48<>0,R48<>R49,Q49<>0),R48-R49,FALSE)) -> -14.75 | T49: =IF(AND(ISNUMBER(S49),S49>0),0,IF(S49<0,1+T48,T48)) -> 1
A50: ='DRIVERS SEAT'!A50 -> 20221102 | B50: ='DRIVERS SEAT'!B50 -> 3858.5 | C50: ='DRIVERS SEAT'!C50 -> 3860.25 | D50: ='DRIVERS SEAT'!D50 -> 3842.75 | E50: ='DRIVERS SEAT'!E50 -> 3847.75 | F50: =(2/(F$35+1))*(E50-F49)+F49 -> 3859.6676 | G50: =(2/(G$35+1))*(E50-G49)+G49 -> 3876.4666 | H50: =F50-G50 -> -16.798938 | I50: =(F50-G50)/G50*100 -> -0.43335696 | J50: =AVERAGE(I42:I50) -> -0.300841 | K50: 0 | P50: =IF(AND(I49>J49,I50<J50),E50,0) -> 0 | Q50: =IF(AND(I49<J49,I50>J50),E50,0) -> 0 | R50: =IF(AND(P49=0,P50<>0),P50,IF(AND(Q49=0,Q50<>0),Q50,R49)) -> 3857.5 | S50: =IF(AND(R49<>0,R49<>R50,P50<>0),R50-R49,IF(AND(R49<>0,R49<>R50,Q50<>0),R49-R50,FALSE)) -> FALSE | T50: =IF(AND(ISNUMBER(S50),S50>0),0,IF(S50<0,1+T49,T49)) -> 1
A51: ='DRIVERS SEAT'!A51 -> 0 | B51: ='DRIVERS SEAT'!B51 -> 3847.75 | C51: ='DRIVERS SEAT'!C51 -> 3850 | D51: ='DRIVERS SEAT'!D51 -> 3840.25 | E51: ='DRIVERS SEAT'!E51 -> 3844 | F51: =(2/(F$35+1))*(E51-F50)+F50 -> 3854.4451 | G51: =(2/(G$35+1))*(E51-G50)+G50 -> 3875.2414 | H51: =F51-G51 -> -20.796332 | I51: =(F51-G51)/G51*100 -> -0.5366461 | J51: =AVERAGE(I43:I51) -> -0.32544493 | K51: 0 | P51: =IF(AND(I50>J50,I51<J51),E51,0) -> 0 | Q51: =IF(AND(I50<J50,I51>J51),E51,0) -> 0 | R51: =IF(AND(P50=0,P51<>0),P51,IF(AND(Q50=0,Q51<>0),Q51,R50)) -> 3857.5 | S51: =IF(AND(R50<>0,R50<>R51,P51<>0),R51-R50,IF(AND(R50<>0,R50<>R51,Q51<>0),R50-R51,FALSE)) -> FALSE | T51: =IF(AND(ISNUMBER(S51),S51>0),0,IF(S51<0,1+T50,T50)) -> 1
A52: ='DRIVERS SEAT'!A52 -> 0 | B52: ='DRIVERS SEAT'!B52 -> 3844.25 | C52: ='DRIVERS SEAT'!C52 -> 3850.5 | D52: ='DRIVERS SEAT'!D52 -> 3841.5 | E52: ='DRIVERS SEAT'!E52 -> 3843.75 | F52: =(2/(F$35+1))*(E52-F51)+F51 -> 3850.8801 | G52: =(2/(G$35+1))*(E52-G51)+G51 -> 3874.0531 | H52: =F52-G52 -> -23.173009 | I52: =(F52-G52)/G52*100 -> -0.5981593 | J52: =AVERAGE(I44:I52) -> -0.35729442 | K52: 0 | P52: =IF(AND(I51>J51,I52<J52),E52,0) -> 0 | Q52: =IF(AND(I51<J51,I52>J52),E52,0) -> 0 | R52: =IF(AND(P51=0,P52<>0),P52,IF(AND(Q51=0,Q52<>0),Q52,R51)) -> 3857.5 | S52: =IF(AND(R51<>0,R51<>R52,P52<>0),R52-R51,IF(AND(R51<>0,R51<>R52,Q52<>0),R51-R52,FALSE)) -> FALSE | T52: =IF(AND(ISNUMBER(S52),S52>0),0,IF(S52<0,1+T51,T51)) -> 1
A53: ='DRIVERS SEAT'!A53 -> 0 | B53: ='DRIVERS SEAT'!B53 -> 3843.75 | C53: ='DRIVERS SEAT'!C53 -> 3850.5 | D53: ='DRIVERS SEAT'!D53 -> 3841.75 | E53: ='DRIVERS SEAT'!E53 -> 3849.5 | F53: =(2/(F$35+1))*(E53-F52)+F52 -> 3850.42 | G53: =(2/(G$35+1))*(E53-G52)+G52 -> 3873.1265 | H53: =F53-G53 -> -22.706499 | I53: =(F53-G53)/G53*100 -> -0.58625761 | J53: =AVERAGE(I45:I53) -> -0.38724875 | K53: 0 | P53: =IF(AND(I52>J52,I53<J53),E53,0) -> 0 | Q53: =IF(AND(I52<J52,I53>J53),E53,0) -> 0 | R53: =IF(AND(P52=0,P53<>0),P53,IF(AND(Q52=0,Q53<>0),Q53,R52)) -> 3857.5 | S53: =IF(AND(R52<>0,R52<>R53,P53<>0),R53-R52,IF(AND(R52<>0,R52<>R53,Q53<>0),R52-R53,FALSE)) -> FALSE | T53: =IF(AND(ISNUMBER(S53),S53>0),0,IF(S53<0,1+T52,T52)) -> 1
A54: ='DRIVERS SEAT'!A54 -> 0 | B54: ='DRIVERS SEAT'!B54 -> 3849.5 | C54: ='DRIVERS SEAT'!C54 -> 3850.25 | D54: ='DRIVERS SEAT'!D54 -> 3837.25 | E54: ='DRIVERS SEAT'!E54 -> 3838.25 | F54: =(2/(F$35+1))*(E54-F53)+F53 -> 3846.3634 | G54: =(2/(G$35+1))*(E54-G53)+G53 -> 3871.8104 | H54: =F54-G54 -> -25.447084 | I54: =(F54-G54)/G54*100 -> -0.65723993 | J54: =AVERAGE(I46:I54) -> -0.4296101 | K54: 0 | P54: =IF(AND(I53>J53,I54<J54),E54,0) -> 0 | Q54: =IF(AND(I53<J53,I54>J54),E54,0) -> 0 | R54: =IF(AND(P53=0,P54<>0),P54,IF(AND(Q53=0,Q54<>0),Q54,R53)) -> 3857.5 | S54: =IF(AND(R53<>0,R53<>R54,P54<>0),R54-R53,IF(AND(R53<>0,R53<>R54,Q54<>0),R53-R54,FALSE)) -> FALSE | T54: =IF(AND(ISNUMBER(S54),S54>0),0,IF(S54<0,1+T53,T53)) -> 1
A55: ='DRIVERS SEAT'!A55 -> 0 | B55: ='DRIVERS SEAT'!B55 -> 3838.5 | C55: ='DRIVERS SEAT'!C55 -> 3846.25 | D55: ='DRIVERS SEAT'!D55 -> 3833 | E55: ='DRIVERS SEAT'!E55 -> 3844 | F55: =(2/(F$35+1))*(E55-F54)+F54 -> 3845.5756 | G55: =(2/(G$35+1))*(E55-G54)+G54 -> 3870.761 | H55: =F55-G55 -> -25.185421 | I55: =(F55-G55)/G55*100 -> -0.65065812 | J55: =AVERAGE(I47:I55) -> -0.47050203 | K55: 0 | P55: =IF(AND(I54>J54,I55<J55),E55,0) -> 0 | Q55: =IF(AND(I54<J54,I55>J55),E55,0) -> 0 | R55: =IF(AND(P54=0,P55<>0),P55,IF(AND(Q54=0,Q55<>0),Q55,R54)) -> 3857.5 | S55: =IF(AND(R54<>0,R54<>R55,P55<>0),R55-R54,IF(AND(R54<>0,R54<>R55,Q55<>0),R54-R55,FALSE)) -> FALSE | T55: =IF(AND(ISNUMBER(S55),S55>0),0,IF(S55<0,1+T54,T54)) -> 1
A56: ='DRIVERS SEAT'!A56 -> 0 | B56: ='DRIVERS SEAT'!B56 -> 3844 | C56: ='DRIVERS SEAT'!C56 -> 3844.25 | D56: ='DRIVERS SEAT'!D56 -> 3839 | E56: ='DRIVERS SEAT'!E56 -> 3841.75 | F56: =(2/(F$35+1))*(E56-F55)+F55 -> 3844.3004 | G56: =(2/(G$35+1))*(E56-G55)+G55 -> 3869.6662 | H56: =F56-G56 -> -25.365858 | I56: =(F56-G56)/G56*100 -> -0.65550506 | J56: =AVERAGE(I48:I56) -> -0.51672342 | K56: 0 | P56: =IF(AND(I55>J55,I56<J56),E56,0) -> 0 | Q56: =IF(AND(I55<J55,I56>J56),E56,0) -> 0 | R56: =IF(AND(P55=0,P56<>0),P56,IF(AND(Q55=0,Q56<>0),Q56,R55)) -> 3857.5 | S56: =IF(AND(R55<>0,R55<>R56,P56<>0),R56-R55,IF(AND(R55<>0,R55<>R56,Q56<>0),R55-R56,FALSE)) -> FALSE | T56: =IF(AND(ISNUMBER(S56),S56>0),0,IF(S56<0,1+T55,T55)) -> 1
A57: ='DRIVERS SEAT'!A57 -> 0 | B57: ='DRIVERS SEAT'!B57 -> 3841.75 | C57: ='DRIVERS SEAT'!C57 -> 3899.5 | D57: ='DRIVERS SEAT'!D57 -> 3839.5 | E57: ='DRIVERS SEAT'!E57 -> 3889 | F57: =(2/(F$35+1))*(E57-F56)+F56 -> 3859.2003 | G57: =(2/(G$35+1))*(E57-G56)+G56 -> 3870.3958 | H57: =F57-G57 -> -11.195561 | I57: =(F57-G57)/G57*100 -> -0.28926141 | J57: =AVERAGE(I49:I57) -> -0.52396495 | K57: 0 | P57: =IF(AND(I56>J56,I57<J57),E57,0) -> 0 | Q57: =IF(AND(I56<J56,I57>J57),E57,0) -> 3889 | R57: =IF(AND(P56=0,P57<>0),P57,IF(AND(Q56=0,Q57<>0),Q57,R56)) -> 3889 | S57: =IF(AND(R56<>0,R56<>R57,P57<>0),R57-R56,IF(AND(R56<>0,R56<>R57,Q57<>0),R56-R57,FALSE)) -> -31.5 | T57: =IF(AND(ISNUMBER(S57),S57>0),0,IF(S57<0,1+T56,T56)) -> 2
... A1054: ='DRIVERS SEAT'!A1054 -> 0 | B1054: ='DRIVERS SEAT'!B1054 -> 4030 | C1054: ='DRIVERS SEAT'!C1054 -> 4031 | D1054: ='DRIVERS SEAT'!D1054 -> 4009 | E1054: ='DRIVERS SEAT'!E1054 -> 4010.75 | F1054: =(2/(F$35+1))*(E1054-F1053)+F1053 -> 4030.2708 | G1054: =(2/(G$35+1))*(E1054-G1053)+G1053 -> 4021.7551 | H1054: =F1054-G1054 -> 8.5157729 | I1054: =(F1054-G1054)/G1054*100 -> 0.2117427 | J1054: =AVERAGE(I1046:I1054) -> 0.84154665 | K1054: 0 | P1054: =IF(AND(I1053>J1053,I1054<J1054),E1054,0) -> 0 | Q1054: =IF(AND(I1053<J1053,I1054>J1054),E1054,0) -> 0 | R1054: =IF(AND(P1053=0,P1054<>0),P1054,IF(AND(Q1053=0,Q1054<>0),Q1054,R1053)) -> 4062.75 | S1054: =IF(AND(R1053<>0,R1053<>R1054,P1054<>0),R1054-R1053,IF(AND(R1053<>0,R1053<>R1054,Q1054<>0),R1053-R1054,FALSE)) -> FALSE | T1054: =IF(AND(ISNUMBER(S1054),S1054>0),0,IF(S1054<0,1+T1053,T1053)) -> 0
A1055: ='DRIVERS SEAT'!A1055 -> 0 | B1055: ='DRIVERS SEAT'!B1055 -> 4010.75 | C1055: ='DRIVERS SEAT'!C1055 -> 4010.75 | D1055: ='DRIVERS SEAT'!D1055 -> 4010.75 | E1055: ='DRIVERS SEAT'!E1055 -> 4010.75
A1056: ='DRIVERS SEAT'!A1056 -> 0 | B1056: ='DRIVERS SEAT'!B1056 -> 4010.75 | C1056: ='DRIVERS SEAT'!C1056 -> 4010.75 | D1056: ='DRIVERS SEAT'!D1056 -> 4010.75 | E1056: ='DRIVERS SEAT'!E1056 -> 4010.75
A1057: ='DRIVERS SEAT'!A1057 -> 0 | B1057: ='DRIVERS SEAT'!B1057 -> 4010.75 | C1057: ='DRIVERS SEAT'!C1057 -> 4010.75 | D1057: ='DRIVERS SEAT'!D1057 -> 4010.75 | E1057: ='DRIVERS SEAT'!E1057 -> 4010.75
A1058: ='DRIVERS SEAT'!A1058 -> 0 | B1058: ='DRIVERS SEAT'!B1058 -> 4010.75 | C1058: ='DRIVERS SEAT'!C1058 -> 4010.75 | D1058: ='DRIVERS SEAT'!D1058 -> 4010.75 | E1058: ='DRIVERS SEAT'!E1058 -> 4010.75
A1059: ='DRIVERS SEAT'!A1059 -> 0 | B1059: ='DRIVERS SEAT'!B1059 -> 4010.75 | C1059: ='DRIVERS SEAT'!C1059 -> 4010.75 | D1059: ='DRIVERS SEAT'!D1059 -> 4010.75 | E1059: ='DRIVERS SEAT'!E1059 -> 4010.75
A1060: ='DRIVERS SEAT'!A1060 -> 0 | B1060: ='DRIVERS SEAT'!B1060 -> 4010.75 | C1060: ='DRIVERS SEAT'!C1060 -> 4010.75 | D1060: ='DRIVERS SEAT'!D1060 -> 4010.75 | E1060: ='DRIVERS SEAT'!E1060 -> 4010.75
A1061: ='DRIVERS SEAT'!A1061 -> 0 | B1061: ='DRIVERS SEAT'!B1061 -> 4010.75 | C1061: ='DRIVERS SEAT'!C1061 -> 4010.75 | D1061: ='DRIVERS SEAT'!D1061 -> 4010.75 | E1061: ='DRIVERS SEAT'!E1061 -> 4010.75
A1062: ='DRIVERS SEAT'!A1062 -> 0 | B1062: ='DRIVERS SEAT'!B1062 -> 4010.75 | C1062: ='DRIVERS SEAT'!C1062 -> 4010.75 | D1062: ='DRIVERS SEAT'!D1062 -> 4010.75 | E1062: ='DRIVERS SEAT'!E1062 -> 4010.75
A1063: ='DRIVERS SEAT'!A1063 -> 0 | B1063: ='DRIVERS SEAT'!B1063 -> 4010.75 | C1063: ='DRIVERS SEAT'!C1063 -> 4010.75 | D1063: ='DRIVERS SEAT'!D1063 -> 4010.75 | E1063: ='DRIVERS SEAT'!E1063 -> 4010.75
A1064: ='DRIVERS SEAT'!A1064 -> 20230308 | B1064: ='DRIVERS SEAT'!B1064 -> 4010.75 | C1064: ='DRIVERS SEAT'!C1064 -> 4010.75 | D1064: ='DRIVERS SEAT'!D1064 -> 4010.75 | E1064: ='DRIVERS SEAT'!E1064 -> 4010.75
A1065: ='DRIVERS SEAT'!A1065 -> 0 | B1065: ='DRIVERS SEAT'!B1065 -> 4010.75 | C1065: ='DRIVERS SEAT'!C1065 -> 4010.75 | D1065: ='DRIVERS SEAT'!D1065 -> 4010.75 | E1065: ='DRIVERS SEAT'!E1065 -> 4010.75
A1066: ='DRIVERS SEAT'!A1066 -> 0 | B1066: ='DRIVERS SEAT'!B1066 -> 4010.75 | C1066: ='DRIVERS SEAT'!C1066 -> 4010.75 | D1066: ='DRIVERS SEAT'!D1066 -> 4010.75 | E1066: ='DRIVERS SEAT'!E1066 -> 4010.75
... A1123: ='DRIVERS SEAT'!A1123 -> 0 | B1123: ='DRIVERS SEAT'!B1123 -> 4010.75 | C1123: ='DRIVERS SEAT'!C1123 -> 4010.75 | D1123: ='DRIVERS SEAT'!D1123 -> 4010.75 | E1123: ='DRIVERS SEAT'!E1123 -> 4010.75
